 Dungeon Crawl Stone Soup version 0.29.1-15-g9cfb28693d (webtiles) character file.

Game seed: 3080791212086131526

1074167 TittyCrusher the Archmage (level 27, -3/198 HPs)
             Began as a Deep Elf Conjurer on Feb 16, 2023.
             Was the Champion of Vehumet.
             Killed from afar by a quicksilver elemental (26 damage)
             ... with a bolt of dispelling energy
             ... on level 5 of the Iron City of Dis on Mar 1, 2023.
             The game lasted 09:06:01 (73884 turns).

TittyCrusher the Archmage (Deep Elf Conjurer)      Turns: 73884, Time: 09:06:31

Health: -3/198     AC:  7    Str:  8      XL:     27
Magic:  21/50      EV: 31    Int: 39 (44) God:    Vehumet [******]
Gold:   6829       SH:  9    Dex: 23      Spells: 3/80 levels left

rFire   + . .      SeeInvis +   b - staff of earth
rCold   + + +      Faith    .   S - +0 buckler of Servitude {*Corrode Will+ Int+2 Dex+2}
rNeg    + + +      Spirit   .   I - +2 robe {Archmagi}
rPois   ∞          Reflect  .   i - +3 crown of Dyrovepreva {rElec Int+2 SInv}
rElec   +          Harm     .   E - scarf {rC+ rF+}
rCorr   .          Rampage  .   x - +2 pair of gloves "Useng" {Regen+ Str+4}
Will    +++++      Archmagi +   P - +2 pair of boots {Fly}
Stlth   ++++++.... Clarity  +   X - amulet of the Four Winds {rN+ Will+++ Clar}
HPRegen 1.23/turn               o - +6 ring of intelligence
MPRegen 0.32/turn               Y - +6 ring of intelligence

@: lich-form (expiring), corroded, flying, studying 5 skills
A: draining attack, torment immunity, no potions, horns 1, talons 1, iridescent
scales 1, cold resistance 1, low MP 1, robust 1, electricity resistance, weak 1,
wild magic 1
}: 8/15 runes: barnacled, slimy, silver, golden, icy, bone, abyssal, gossamer
a: End Transformation, Renounce Religion


You were on level 5 of the Iron City of Dis.
You worshipped Vehumet.
Vehumet was exalted by your worship.
You were an undead lich.
You visited 17 branches of the dungeon, and saw 79 of its levels.
You visited the Abyss 1 time.
You completed 1 ziggurat, and saw 27 of its levels.
You also visited: Ossuary, Gauntlet, Ice Cave, Wizlab and Desolation.

You collected 12014 gold pieces.
You spent 5185 gold pieces at shops.

Inventory:

Hand Weapons
 m - the +8 mithril axe "Arga" {speed, Will+}
   (You found it on level 20 of a ziggurat)

   Attacks with this weapon are significantly faster.
   Will:      It increases your willpower.
Armour
 g - the +1 pair of gloves of Ocwirgha {rElec Str+2 Slay+3}
   (You found it on level 9 of a ziggurat)

   Str:       It affects your strength (+2).
   Slay:      It affects your accuracy & damage with ranged weapons and melee
   (+3).
   rElec:     It insulates you from electricity.
 h - the +2 leather armour "Fysydi" {rElec Regen+}
   (You found it on level 6 of the Dungeon)

   rElec:     It insulates you from electricity.
   Regen:     It increases your rate of health regeneration.
 i - the +3 crown of Dyrovepreva (worn) {rElec Int+2 SInv}
   (You found it on level 22 of a ziggurat)

   Int:       It affects your intelligence (+2).
   rElec:     It insulates you from electricity.
   SInv:      It lets you see invisible.
 x - the +2 pair of gloves "Useng" (worn) {Regen+ Str+4}
   (You bought it in a shop on level 3 of the Dungeon)

   Str:       It affects your strength (+4).
   Regen:     It increases your rate of health regeneration.
 B - the +5 ring mail "Dumnett" {*Corrode +Blink rN++ Str+8}
   (You took it off an orc warlord on level 2 of the Orcish Mines)

   Str:       It affects your strength (+8).
   rN:        It greatly protects you from negative energy.
   +Blink:    It lets you blink.
   *Corrode:  It may corrode you when you take damage.
 E - a scarf of resistance (worn)
 I - a +2 robe of the Archmagi (worn)
 N - the +2 pair of boots of Tulips {rPois}
   (You found it on level 1 of the Lair of Beasts)

   rPois:     It protects you from poison.
 P - a +2 pair of boots of flying (worn)
 S - the +0 buckler of Servitude (worn) {*Corrode Will+ Int+2 Dex+2}
   (You bought it in a shop on level 3 of the Dungeon)

   Int:       It affects your intelligence (+2).
   Dex:       It affects your dexterity (+2).
   *Corrode:  It may corrode you when you take damage.
   Will:      It increases your willpower.
Magical Staves
 a - a staff of fire
 b - a staff of earth (weapon)
 R - a staff of conjuration
Jewellery
 e - the ring of the Tortoise {AC+8}
   (You found it on level 27 of a ziggurat)

   [ring of protection]

   AC:        It affects your AC (+8).
 f - the amulet "Evomoemp" {rF+ Regen+ Str+4}
   (You found it in a Gauntlet)

   [amulet of regeneration]

   Str:       It affects your strength (+4).
   rF:        It protects you from fire.
   Regen:     It increases your rate of health regeneration.
 o - a +6 ring of intelligence (left hand)
 y - the ring of Kafuy {rPois rF+ Will+ rCorr}
   (You found it in the Desolation of Salt)

   [ring of protection from fire]

   rF:        It protects you from fire.
   rPois:     It protects you from poison.
   rCorr:     It protects you from acid and corrosion.
   Will:      It increases your willpower.
 z - the amulet of Fumulos {Reflect rC+ Will+ Str-4 Int+4 SH+5}
   (You found it on level 1 of the Elven Halls)

   [amulet of reflection]

   It reflects blocked missile attacks.
   Str:       It affects your strength (-4).
   Int:       It affects your intelligence (+4).
   rC:        It protects you from cold.
   SH:        It affects your SH (+5).
   Will:      It increases your willpower.
 J - the macabre finger necklace {rN+}
   (You found it on level 12 of a ziggurat)

   [amulet of nothing]

   It enables you to equip an extra ring.
   rN:        It protects you from negative energy.
 O - the ring "Rioze" {+Blink rCorr Str+6 Int+3}
   (You found it on level 15 of a ziggurat)

   [ring of resist corrosion]

   Str:       It affects your strength (+6).
   Int:       It affects your intelligence (+3).
   +Blink:    It lets you blink.
   rCorr:     It protects you from acid and corrosion.
 Q - the ring of the Establishment {rF+ rCorr Str+3 Int+3}
   (You found it on level 12 of a ziggurat)

   [ring of protection from fire]

   Str:       It affects your strength (+3).
   Int:       It affects your intelligence (+3).
   rF:        It protects you from fire.
   rCorr:     It protects you from acid and corrosion.
 V - the ring of the Bespelled Lychee {rF+ rC+ rN+}
   (You found it on level 24 of a ziggurat)

   [ring of protection from fire]

   rF:        It protects you from fire.
   rC:        It protects you from cold.
   rN:        It protects you from negative energy.
 X - the amulet of the Four Winds (around neck) {rN+ Will+++ Clar}
   (You found it on level 25 of a ziggurat)

   [amulet of nothing]

   rN:        It protects you from negative energy.
   Clar:      It protects you against confusion.
   Will:      It greatly increases your willpower.
 Y - a +6 ring of intelligence (right hand)
Wands
 C - a wand of digging (11)
 L - a wand of roots (41)
 Z - a wand of light (20)
Scrolls
 c - 7 scrolls of amnesia
 l - 2 scrolls of summoning
 p - 6 scrolls of blinking
 q - 13 scrolls of immolation
 r - 36 scrolls of teleportation
 s - 24 scrolls of fog
 G - 3 scrolls of fear
 W - 3 scrolls of magic mapping
Potions
 d - 44 potions of curing
 j - 15 potions of invisibility
 k - 27 potions of heal wounds
 n - 15 potions of magic
 t - 3 potions of resistance
 u - 7 potions of lignification
 w - 7 potions of flight
 D - 2 potions of haste
 H - 10 potions of cancellation
 K - 25 potions of mutation
 M - 9 potions of ambrosia
 T - 6 potions of brilliance
 U - 12 potions of might
Miscellaneous
 v - a lightning rod (4/4)
 A - 2 +1 figurines of a ziggurat
 F - a tin of tremorstones (2/2)


   Skills:
 - Level 20.7 Fighting
 - Level 16.1 Staves
 - Level 13.8 Armour
 - Level 21.8 Dodging
 - Level 15.0 Stealth
 - Level 13.9 Shields
 O Level 27 Spellcasting
 - Level 23.0 Conjurations
 - Level 4.8 Hexes
 - Level 20.5 Necromancy
 - Level 3.1 Translocations
 - Level 19.3 Transmutations
 - Level 22.3 Fire Magic
 + Level 22.9 Ice Magic
 - Level 14.9 Air Magic
 - Level 23.4 Earth Magic
 - Level 11.3 Evocations


You had 3 spell levels left.
You knew the following spells:

 Your Spells              Type           Power      Damage    Failure   Level
a - Starburst             Conj/Fire      82%        6d21      1%          6
b - Maxwell's Capacitive  Air            73%        ∞         2%          8
c - Fire Storm            Conj/Fire      82%        8d21      1%          9
d - Necromutation         Tmut/Necr      92%        N/A       1%          8
e - Statue Form           Tmut/Erth      100%       N/A       1%          6
f - Blink                 Tloc           100%       N/A       1%          2
g - Passage of Golubria   Tloc           100%       N/A       2%          4
h - Sublimation of Blood  Necr           100%       N/A       1%          2
i - Fireball              Conj/Fire      82%        3d30      1%          5
j - Shatter               Erth           97%        3d69*     1%          9
k - Apportation           Tloc           100%       N/A       1%          1
l - Lehudib's Crystal Sp  Conj/Erth      96%        10d21     1%          8
m - Polar Vortex          Ice            83%        N/A       1%          9

Your spell library contained the following spells:

 Spells                   Type           Power      Damage    Failure   Level
 Beastly Appendage        Tmut           100%       N/A       1%          1
 Foxfire                  Conj/Fire      100%       2x1d9     1%          1
 Freeze                   Ice            100%       1d11      1%          1
 Magic Dart               Conj           100%       1d8       1%          1
 Necrotise                Necr           100%       1d9       1%          1
 Sandblast                Erth           100%       2d20      1%          1
 Shock                    Conj/Air       100%       1d9       1%          1
 Slow                     Hex            100%       N/A       1%          1
 Sting                    Tmut/Pois      100%       1d8       1%          1
 Summon Small Mammal      Summ           100%       N/A       1%          1
 Call Imp                 Summ           80%        N/A       1%          2
 Ensorcelled Hibernation  Hex/Ice        100%       N/A       1%          2
 Passwall                 Tmut/Erth      100%       N/A       1%          2
 Poisonous Vapours        Pois/Air       100%       N/A       1%          2
 Scorch                   Fire           100%       2d10      1%          2
 Searing Ray              Conj           100%       2d8       1%          2
 Static Discharge         Conj/Air       100%       3-16/arc  1%          2
 Wereblood                Tmut           100%       N/A       1%          2
 Confusing Touch          Hex            100%       N/A       1%          3
 Conjure Flame            Conj/Fire      100%       6-21      1%          3
 Dazzling Flash           Conj/Hex       100%       N/A       1%          3
 Frozen Ramparts          Ice            100%       1d16      1%          3
 Gell's Gravitas          Tloc           100%       N/A       1%          3
 Ignite Poison            Fire/Tmut/Pois 100%       N/A       1%          3
 Inner Flame              Hex/Fire       100%       N/A       1%          3
 Lesser Beckoning         Tloc           100%       N/A       1%          3
 Mephitic Cloud           Conj/Pois/Air  100%       N/A       1%          3
 Ozocubu's Armour         Ice            100%       N/A       1%          3
 Portal Projectile        Hex/Tloc       100%       N/A       1%          3
 Spider Form              Tmut/Pois      100%       N/A       1%          3
 Stone Arrow              Conj/Erth      100%       3d13      1%          3
 Summon Guardian Golem    Hex/Summ       96%        N/A       1%          3
 Swiftness                Air            100%       N/A       1%          3
 Teleport Other           Tloc           100%       N/A       1%          3
 Tukima's Dance           Hex            100%       N/A       1%          3
 Vampiric Draining        Necr           100%       2d13      1%          3
 Call Canine Familiar     Summ           80%        N/A       2%          3
 Airstrike                Air            73%        2d(11-27) 1%          4
 Anguish                  Hex/Necr       82%        N/A       1%          4
 Animate Armour           Summ/Erth      100%       N/A       1%          4
 Animate Dead             Necr           100%       N/A       1%          4
 Cause Fear               Hex            54%        N/A       1%          4
 Corpse Rot               Necr/Pois/Air  100%       N/A       1%          4
 Flame Wave               Conj/Fire      100%       2d21      1%          4
 Fulminant Prism          Conj/Hex       71%        3d30      1%          4
 Hailstorm                Conj/Ice       100%       3d20      1%          4
 Ice Form                 Ice/Tmut       100%       N/A       1%          4
 Iskenderun's Mystic Bla  Conj/Tloc      100%       2d19      1%          4
 Leda's Liquefaction      Hex/Erth       84%        N/A       1%          4
 Olgreb's Toxic Radiance  Pois           80%        N/A       1%          4
 Petrify                  Tmut/Erth      100%       N/A       1%          4
 Sticky Flame             Conj/Fire      100%       2d11      1%          4
 Summon Ice Beast         Ice/Summ       100%       N/A       1%          4
 Summon Lightning Spire   Summ/Air       100%       N/A       1%          4
 Agony                    Necr           100%       N/A       1%          5
 Alistair's Intoxication  Tmut/Pois      86%        N/A       1%          5
 Blade Hands              Tmut           78%        N/A       1%          5
 Borgnjor's Vile Clutch   Necr/Erth      100%       N/A       1%          5
 Freezing Cloud           Conj/Ice/Air   80%        6-21      1%          5
 Irradiate                Conj/Tmut      81%        3d38      1%          5
 Iskenderun's Battlesphe  Conj           100%       2d15      1%          5
 Lee's Rapid Deconstruct  Erth           97%        3d43*     1%          5
 Lightning Bolt           Conj/Air       78%        1d105     1%          5
 Metabolic Englaciation   Hex/Ice        71%        N/A       1%          5
 Silence                  Hex/Air        65%        N/A       1%          5
 Yara's Violent Unravell  Hex/Tmut       68%        3d25      1%          5
 Conjure Ball Lightning   Conj/Air       78%        3x3d30    1%          6
 Death Channel            Necr           93%        N/A       1%          6
 Eringya's Noxious Bog    Tmut/Pois      64%        N/A       1%          6
 Iron Shot                Conj/Erth      96%        9d17      1%          6
 Simulacrum               Ice/Necr       95%        N/A       1%          6
 Dragon Form              Tmut           78%        N/A       1%          7
 Orb of Destruction       Conj           83%        9d18      1%          7
 Ozocubu's Refrigeration  Ice            83%        4d25      1%          7
 Spellforged Servitor     Conj/Summ      67%        N/A       1%          7
 Storm Form               Tmut/Air       76%        N/A       1%          7
 Borgnjor's Revivificati  Necr           93%        N/A       1%          8
 Ignition                 Fire           82%        3d21      1%          8
 Manifold Assault         Tloc           100%       N/A       5%          5
 Chain Lightning          Conj/Air       78%        3d104     6%          9
 Summon Mana Viper        Hex/Summ       96%        N/A       7%          5
 Summon Forest            Summ/Tloc      45%        N/A       9%          5
 Death's Door             Necr           93%        N/A       13%         9
 Dispersal                Tloc           50%        N/A       22%         6
 Enfeeble                 Hex            54%        N/A       50%         7
 Summon Cactus Giant      Summ           40%        N/A       58%         6
 Malign Gateway           Summ/Tloc      45%        N/A       90%         7
 Monstrous Menagerie      Summ           40%        N/A       98%         7
 Summon Hydra             Summ           40%        N/A       98%         7
 Discord                  Hex            54%        N/A       99%         8
 Disjunction              Tloc           50%        N/A       100%        8
 Summon Horrible Things   Summ           40%        N/A       100%        8
 Dragon's Call            Summ           40%        N/A       100%        9


Dungeon Overview and Level Annotations

Branches:
Dungeon (15/15)            Temple (1/1) D:5            Lair (5/5) D:10
 Shoals (4/4) Lair:2       Spider (4/4) Lair:3        Slime (5/5) Lair:5
    Orc (2/2) D:10            Elf (3/3) Orc:2        Vaults (5/5) D:14
  Crypt (3/3) Vaults:3       Tomb (3/3) Crypt:3      Depths (4/4) D:15
   Hell (visited)             Dis (5/7) Hell            Geh (0/7) Hell
    Coc (7/7) Hell            Tar (7/7) Hell            Zot (5/5) Depths:4
Ossuary (visited)           IceCv (visited)          WizLab (visited)
Desolation (visited)      Gauntlet (visited)

Altars:
Ashenzari
Cheibriados
Dithmenos
Elyvilon
Fedhas
Gozag
Hepliaklqana
Kikubaaqudgha
Makhleb
Nemelex Xobeh
Okawaru
Qazlal
Ru
Sif Muna
Trog
Uskayaw
Vehumet
Wu Jian
Xom
Yredelemnul
Zin
The Shining One

Shops:
D:3 [*(   D:9 :   Orc:2 [:*(   Elf:1 ?*[(   Elf:2 *   Vaults:1 ?   Vaults:3 [
Vaults:5 *!

Portals:
Hell: Depths:1 Depths:2 Depths:4
Abyss: Depths:1 Depths:3 Depths:4
Pandemonium: Depths:2

Annotations:
Spider:2 Frances
Elf:2 3 runed translucent doors
Crypt:3 Vv
Depths:3 exclusion: door
Tar:7 Ereshkigal


Innate Abilities, Weirdness & Mutations

You are an undead lich.
Your unarmed attacks are suffused with negative energy.
You are immune to unholy pain and torment.
Your necromantic spells are more powerful.
You cannot drink.
You are immune to poison.
You have a pair of small horns on your head.
You have sharp toenails.
You are partially covered in iridescent scales. (AC +2)
Your flesh is cold resistant. (rC+)
Your magical capacity is low. (-10% MP)
You are robust. (+10% HP)
You are resistant to electric shocks. (rElec)
You are weak. (Str -2)
Your spells are a little harder to cast, but a little more powerful.


Message History

The iron giant fires a harpoon shot at you.
The harpoon shot hits you!
* * * LOW HITPOINT WARNING * * *
You are yanked forward by the harpoon shot.
The iron giant moves out of view.
The Hell Sentinel roars!
You hear a shout!
Unknown command.
Unknown command.
Press: ? - help, v - describe, . - travel
Here: a quicksilver elemental The floor.
Unknown command.
Okay, then.
Okay, then.
Okay, then.
Unknown command.
Unknown command.
Press: ? - help, v - describe, . - travel The floor.
Press: ? - help, v - describe, . - travel
Here: a quicksilver elemental The floor.
Unknown command.
Unknown command.
Press: ? - help, . - travel You can't see that place. [the floor.]
Press: ? - help, v - describe, . - travel The floor.
Press: ? - help, v - describe, . - travel The floor.
Unknown command.
Blink to where?
Press: ? - help, Dir - move target
As you read the scroll of blinking, it crumbles to dust.
The iron giant shouts!
The quicksilver elemental breathes dispelling energy at you.
The bolt of dispelling energy hits you!!
Your magical effects are unravelling.
You die...

######
##....1.....#
##............
###...C.....9bz.#.
...9..##2..##....
#...2##.....##.C.
#^#..#.......#...
#.L..............
###9..E∩.8..E....
#.z.........C..
.....#...>...#9..
....1##.....##1..
⌠.....##z..##.b.#
......E..§.rE..##
....#.C..C....##
....###########


You could see 2 iron golems, 3 iron giants, 2 Hell Sentinels, 2 quicksilver
elementals, 2 ancient champions, a hellion and a tormentor.

Vanquished Creatures
  Antaeus (Coc:7)
  the Serpent of Hell (Tar:7)
  13 dread liches
  13 orbs of fire
  Khufu (Tomb:3)
  8 ancient liches
  27 juggernauts
  26 royal mummies
  14 Killer Klowns
  Boris (Vaults:5)
  Frederick (Crypt:1)
  A Head Instructor (WizLab)
  11 shard shrikes
  Saint Roka (Orc:2)
  4 curse toes
  22 caustic shrikes
  16 golden dragons
  Geryon (Hell)
  Nikola (Vaults:1)
  4 profane servitors
  8 bone dragons
  24 pandemonium lords
  2 spectral shard shrikes
  4 doom hounds
  A hellephant (Hell)
  A Brimstone Fiend (Zig:22)
  2 iron giants (Dis:2)
  10 Tzitzimimeh
  3 electric golems
  25 Orb Guardians (Zot:5)
  A searing wretch (Zig:1)
  Jorgrun (Shoals:1)
  6 liches
  A walking earthen tome (Depths:2)
  18 tentacled monstrosities
  24 Ice Fiends
  6 Hell Sentinels
  A quicksilver dragon (shapeshifter) (Zig:25)
  7 quicksilver dragons
  4 tainted leviathans
  13 titans
  6 tentacled starspawn
  10 deep elf blademasters
  26 acid blobs
  14 deep elf master archers
  18 ancient champions
  9 sphinxes
  9 death cobs
  3 Executioners
  2 krakens
  3 tengu reavers
  12 shadow dragons
  Donald (Shoals:3)
  A sphinx (shapeshifter) (Zig:25)
  20 azure jellies
  15 rockslimes
  8 storm dragons
  Ilsuiw (Shoals:4)
  7 draconian knights
  A daeva (Abyss:3)
  2 revenants
  3 frost giants (shapeshifter)
  10 frost giants
  8 fire giants
  9 draconian monks
  2 iron dragons
  2 quicksilver elementals
  10 deep elf sorcerers
  13 narguns
  16 emperor scorpions
  2 imperial myrmidons (Desolation)
  31 orc warlords
  Louise (Shoals:1)
  19 vault wardens
  3 draconian scorchers
  3 draconian shifters
  A juggernaut zombie (Zig:2)
  3 spectral caustic shrikes (Depths:2)
  10 shard shrike simulacra
  7 balrugs
  4 cacodemons
  6 deep elf elementalists (Elf:3)
  3 curse skulls
  The ghost of Smersh616 the Fighter, a journeyman DrDe of Kikubaaqudgha (Orc:2)
  3 spriggan defenders (Depths:2)
  13 ghost moths
  2 draconian stormcallers (Zot:1)
  The ghost of croobank the Covert, a journeyman DgIE (Elf:1)
  4 demonspawn corrupters
  6 broodmothers
  9 ghouls
  30 very ugly things
  A broodmother (shapeshifter) (Vaults:1)
  7 draconian annihilators
  20 ironbound preservers
  6 reapers
  30 stone giants
  13 deep elf demonologists
  17 war gargoyles
  2 demonspawn blood saints
  22 starcursed masses
  2 juggernaut skeletons
  4 bennus
  22 elemental wellsprings
  16 quicksilver oozes
  8 ironbound thunderhulks
  A rockslime zombie (Crypt:2)
  A stone giant (shapeshifter) (Zig:25)
  9 vampire knights
  3 lorocyprocas
  8 deep elf annihilators
  7 green draconians
  A demonspawn black sun (Zig:22)
  Azrael (D:12)
  10 white draconians
  2 bunyips (Zig:5)
  A dire elephant (shapeshifter) (Zig:17)
  An eleionoma (shapeshifter) (Zig:17)
  2 eleionomae (Zig:21)
  7 purple draconians
  4 putrid mouths
  A spark wasp (shapeshifter) (Zig:25)
  11 entropy weavers
  A minotaur (Gauntlet)
  9 spark wasps
  11 black draconians
  5 dire elephants
  13 yellow draconians
  13 wendigos
  4 halazid warlocks (Desolation)
  31 mummy priests
  8 red draconians
  6 eidola
  13 green deaths
  A spectral titan (Tar:3)
  A spectral quicksilver dragon (Tar:6)
  An iron golem (Dis:2)
  8 deep elf death magi
  14 ettins
  9 merfolk javelineers
  4 blizzard demons
  2 spectral spriggans
  Josephine (Orc:1)
  7 crystal guardians
  4 merfolk impalers
  A quicksilver dragon zombie (Crypt:3)
  A spectral iron giant (Tar:2)
  14 fire dragons
  4 jiangshi
  4 shambling mangroves
  3 spriggan zombies
  7 servants of whispers (Desolation)
  6 ragged hierophants (Desolation)
  12 deep elf high priests
  4 caustic shrike simulacra
  9 yaktaur captains
  18 hydras
  17 ice dragons
  16 great orbs of eyes
  5 rakshasas
  10 peacekeepers
  6 spriggan air magi
  36 vault guards
  10 juggernaut simulacra
  An alligator snapping turtle (shapeshifter) (Zig:25)
  6 ogre magi
  A catoblepas (shapeshifter) (Zig:25)
  A ghost crab (Zig:21)
  A catoblepas (D:14)
  6 radroaches
  An anaconda (Zig:4)
  3 hell beasts (Zig:22)
  4 centaur warriors
  A salamander tyrant (Zig:4)
  A fenstrider witch skeleton (Tomb:2)
  9 ironbound frosthearts
  6 boulder beetles
  3 jorogumos
  3 alligator snapping turtles (Shoals:4)
  14 two-headed ogres
  Erica (Orc:1)
  8 merfolk avatars
  8 merfolk aquamancers
  19 dancing weapons
  7 satyrs
  A death yak (Lair:4)
  9 deep troll shamans
  69 death scarabs
  9 deep troll earth magi
  5 death knights
  3 naga sharpshooters
  11 thrashing horrors
  2 alligators
  2 spriggan berserkers (Depths:2)
  2 tengu warriors
  23 orc high priests
  The ghost of AverageBear the Cleaver, a novice DsFi of Gozag (Lair:1)
  A shock serpent (shapeshifter) (Zig:19)
  11 hell hogs
  5 vampire magi
  Sonja (Lair:5)
  13 sun demons
  11 deep elf knights
  8 wretched stars
  A fire crab (Lair:5)
  6 soul eaters
  25 hell knights
  A spectral bunyip (Tar:2)
  10 pharaoh ants
  2 sixfirhies (Zig:22)
  A bunyip zombie (Crypt:3)
  A crystal echidna (Dis:2)
  35 skeletal warriors
  6 spatial maelstroms (Abyss:3)
  4 salamander mystics (WizLab)
  A spark wasp zombie (D:15)
  2 spectral anacondas (Tar:2)
  43 deep trolls
  4 shadow wraiths
  A golden dragon zombie (Tomb:1)
  21 iron trolls
  13 steelbarb worms
  5 sun moths
  A goliath frog (Lair:5)
  4 spriggan druids
  An entropy weaver zombie (Crypt:1)
  A deep troll (shapeshifter) (Vaults:5)
  6 death drakes
  A shadow dragon zombie (D:15)
  2 flayed ghosts (Crypt:2)
  An anaconda zombie (Hell)
  10 phantasmal warriors
  11 orb spiders
  27 ironbound convokers
  4 bog bodies
  9 sea snakes
  A death drake (shapeshifter) (Vaults:5)
  12 orc knights
  2 orange crystal statues (IceCv)
  18 wizards
  A bunyip skeleton (Tomb:2)
  An obsidian statue (Zot:5)
  11 glowing orange brains
  A shadow demon (Zig:22)
  35 harpies
  10 swamp dragons
  5 quicksilver dragon simulacra
  12 deep elf archers
  4 lindwurms
  9 spriggan simulacra
  Pikel (D:6)
  28 deep elf pyromancers
  2 anaconda skeletons (Hell)
  3 mana vipers (WizLab)
  26 wolf spiders
  14 necromancers
  A cyclops (shapeshifter) (Zig:19)
  25 orc sorcerers
  A shining eye (shapeshifter) (Zig:19)
  34 deep elf zephyrmancers
  2 oklob plants
  A worldbinder (Abyss:2)
  8 shining eyes
  A fire giant zombie (Zig:8)
  55 ugly things
  A spectral ettin (Tar:6)
  4 will-o-the-wisps
  A faun (shapeshifter) (Abyss:3)
  3 stone giant zombies
  13 cyclopes
  102 slime creatures
  8 fauns
  12 manticores
  3 shadow dragon skeletons
  2 spectral centaurs (Tar:2)
  A spectral alligator snapping turtle (Tar:2)
  A jorogumo skeleton (Crypt:2)
  45 moths of wrath
  An elephant (shapeshifter) (D:13)
  5 guardian serpents
  Joseph (D:9)
  A molten gargoyle (Hell)
  7 black mambas
  7 merfolk sirens
  14 vault sentinels
  A frost giant skeleton (Vaults:1)
  3 rust devils
  15 smoke demons
  12 water nymphs
  A shock serpent zombie (Crypt:2)
  2 gargoyles
  6 naga magi
  A titan simulacrum (Zig:18)
  Maurice (Orc:1)
  2 ice statues (Hell)
  2 centaur zombies (Crypt:3)
  18 elephants
  11 torpor snails
  2 water nymphs (shapeshifter)
  7 eyes of devastation
  A dire elephant zombie (Tomb:2)
  7 apocalypse crabs
  An eye of devastation (shapeshifter) (Zig:25)
  5 orange demons
  A dire elephant skeleton (Crypt:1)
  A storm dragon simulacrum (Zig:18)
  17 cane toads
  2 rime drakes (Zig:18)
  8 unseen horrors
  A kobold demonologist (Abyss:3)
  33 yaktaurs
  5 komodo dragons
  13 tormentors
  2 alligator snapping turtle skeletons (Crypt:3)
  A naga skeleton (Tomb:2)
  A purple draconian zombie (Crypt:1)
  6 tengu conjurers
  11 hellions
  7 golden dragon simulacra
  20 demonic crawlers
  A sea snake zombie (Hell)
  A yaktaur skeleton (Vaults:5)
  A bunyip simulacrum (Tomb:3)
  44 guardian mummies
  An unseen horror skeleton (Crypt:2)
  10 freezing wraiths
  5 iron giant simulacra
  5 hellwings
  3 anaconda simulacra
  2 ancient zymes
  A death yak skeleton (Crypt:2)
  4 ice devils (Zig:18)
  A mana viper zombie (Crypt:1)
  2 hydra zombies (Hell)
  3 red devils
  26 merfolk
  A spectral harpy (Tar:2)
  A merfolk (shapeshifter) (Zig:17)
  A silent spectre (Tar:2)
  7 wind drakes
  3 polar bears
  7 meliai
  A meliai (shapeshifter) (Elf:2)
  8 hornets
  A tengu simulacrum (Zig:18)
  A blink frog (shapeshifter) (Vaults:5)
  A tarantella (shapeshifter) (Zig:23)
  3 tyrant leeches (Lair:5)
  11 trolls
  A hornet (shapeshifter) (Elf:1)
  10 blink frogs
  45 saltlings (Desolation)
  A harpy skeleton (Tomb:1)
  10 dream sheep
  24 tarantellas
  An alligator zombie (Hell)
  7 raiju
  24 large abominations
  2 fire dragon zombies (Crypt:3)
  4 ettin zombies
  12 snapping turtles
  52 flying skulls
  2 ettin skeletons
  3 naga simulacra
  3 spriggan skeletons
  An alligator skeleton (Hell)
  27 jumping spiders
  19 culicivoras
  11 wraiths
  7 spriggans
  33 water elementals
  7 air elementals
  35 yaks
  8 ynoxinuls
  A culicivora (shapeshifter) (Zig:25)
  5 fire elementals
  A yak (shapeshifter) (Abyss:2)
  5 basilisks
  A vampire (Abyss:2)
  5 wyverns
  3 dire elephant simulacra
  13 ushabtiu
  17 golden eyes
  5 neqoxecs
  2 fire bats (Gauntlet)
  5 shadows
  An alligator snapping turtle simulacrum (Coc:3)
  11 chaos spawn
  A hog (shapeshifter) (Zig:25)
  5 vampire mosquitoes
  21 spatial vortices (Abyss:3)
  A steam dragon (D:6)
  49 redbacks
  13 harpy simulacra
  5 acid dragons
  A merfolk zombie (Crypt:1)
  A glowing shapeshifter zombie (Vaults:5)
  11 small abominations
  13 wargs
  3 hydra simulacra
  16 water moccasins
  A floating eye (Depths:2)
  13 hell hounds
  A floating eye (shapeshifter) (Zig:17)
  A swamp drake (Zig:21)
  68 orc warriors
  2 glowing shapeshifter skeletons
  A sky beast (shapeshifter) (Zig:17)
  7 ettin simulacra
  An alligator simulacrum (IceCv)
  2 black bears (shapeshifter)
  4 ice beasts
  24 ogres
  4 boggarts
  9 centaurs
  8 wolves
  3 lemures (D:6)
  Blork the orc (Orc:2)
  3 kobold brigands
  17 bullfrogs
  6 necrophages
  A komodo dragon skeleton (Crypt:1)
  A draconian zombie (Crypt:2)
  7 earth elementals
  A glowing shapeshifter simulacrum (Vaults:1)
  4 gnoll sergeants
  5 water moccasin zombies (Ossuary)
  7 scorpions
  13 wights
  A wyvern skeleton (Crypt:2)
  4 lindwurm simulacra (IceCv)
  3 howler monkeys
  An electric eel (Lair:5)
  A black bear zombie (Crypt:1)
  A quasit (Abyss:3)
  4 hounds
  3 jellies
  A gnoll bouda (D:6)
  A human skeleton (Crypt:1)
  An iron imp (Abyss:2)
  24 orc priests
  An iguana (D:6)
  5 hell rats (Hell)
  20 orc wizards
  43 mummies
  29 gnolls
  6 adders
  A steam dragon skeleton (Crypt:1)
  4 shadow imps
  3 white imps
  2 ufetubi (Abyss:2)
  An adder zombie (Ossuary)
  A jelly zombie (Crypt:1)
  2 worms (Lair:3)
  3 dart slugs
  67 orcs
  6 endoplasms
  4 giant cockroaches
  2 gnoll zombies (Ossuary)
  6 goblins
  4 hobgoblins
  2 jackals (D:3)
  6 quokkas
  4 ball pythons
  A ball python skeleton (Crypt:1)
  3 bats
  5 frilled lizards
  A frilled lizard skeleton (Crypt:2)
  2 hobgoblin zombies (Ossuary)
  21 kobolds
  7 kobold zombies (Ossuary)
  6 orc zombies (Ossuary)
  4 rats
  A spectral orc (D:15)
  A bush (Lair:2)
  16 butterflies (Vaults:2)
  A lurking horror (Abyss:3)
  A pillar of salt (Desolation)
  2 starspawn tentacles (Abyss:2)
  2 tentacles
3931 creatures vanquished.

Vanquished Creatures (collateral kills)
  A pandemonium lord (Zig:25)
  3 juggernauts
  2 royal mummies
  2 Killer Klowns
  2 golden dragons (Zig:19)
  A Tzitzimitl (Tar:7)
  2 tentacled monstrosities (Zig:21)
  A tainted leviathan (Tar:7)
  5 acid blobs
  An Executioner (Zig:22)
  A sphinx (shapeshifter) (Zig:17)
  2 shadow dragons
  A rockslime (Slime:5)
  A draconian monk (Zot:1)
  An orc warlord (Zig:13)
  An emperor scorpion (Spider:4)
  A draconian shifter (Zot:2)
  An ironbound preserver (Vaults:5)
  A stone giant (Zig:24)
  3 very ugly things
  3 war gargoyles
  A stone giant (shapeshifter) (Zig:25)
  A black draconian (Zot:1)
  2 spark wasps (Depths:2)
  A yaktaur captain (Vaults:4)
  A vault guard (Vaults:2)
  3 ice dragons
  A hell beast (Zig:22)
  A jorogumo (Spider:2)
  2 titan zombies
  A pharaoh ant (Spider:2)
  A deep troll (Vaults:2)
  An orb spider (Zig:16)
  A deep elf pyromancer (Elf:3)
  A necromancer (WizLab)
  An orc sorcerer (Zig:15)
  An ugly thing (Vaults:3)
  A moth of wrath (Zot:4)
  A stone giant skeleton (Tomb:2)
  A torpor snail (Spider:2)
  An orange demon (Depths:2)
  An apocalypse crab (Zig:17)
  A freezing wraith (Hell)
  A human skeleton (Vaults:5)
  An anaconda simulacrum (Coc:4)
  An iron dragon simulacrum (Coc:6)
  5 slime creatures
  A saltling (Desolation)
  A raiju (Abyss:2)
  A shadow (Abyss:3)
  A flying skull (Crypt:3)
  2 water elementals
  A chaos spawn (Zig:17)
  A golden eye (Slime:4)
  A redback (Spider:4)
  A warg (Zig:24)
  A floating eye (shapeshifter) (Zig:17)
  An ettin simulacrum (Coc:3)
  An ogre (Zig:24)
  3 orc warriors
  A boggart (Vaults:4)
  A small abomination (Depths:4)
  A starcursed mass (Abyss:2)
  2 orc priests
  An orc wizard (Zig:24)
  11 mummies (Tomb:2)
  An ufetubus (Abyss:2)
  An orc (Orc:2)
  A ball lightning (Orc:2)
106 creatures vanquished.

Vanquished Creatures (others)
  the Royal Jelly (Slime:5)
  A ghost moth (shapeshifter) (Zig:25)
  A quicksilver dragon zombie (Depths:1)
  A merfolk aquamancer (Shoals:1)
  An iron giant simulacrum (Coc:7)
  An air elemental (Elf:1)
  2 water elementals
  A harpy simulacrum (Coc:3)
  An ettin simulacrum (Coc:4)
  19 ball lightnings
  4 demonic plants (Gauntlet)
  1405 fire vortices
  99 fulminant prisms
  37 fungi
  A pillar of salt (Desolation)
  153 plants
  2 starspawn tentacles (Abyss:2)
  6 tentacles
  7 withered plants (D:15)
1743 creatures vanquished.

Grand Total: 5780 creatures vanquished

Notes
Turn   | Place    | Note
-------+----------+-------------------------------------------
     0 | D:1      | TittyCrusher the Deep Elf Conjurer began the quest for the
                  | Orb.
     0 | D:1      | Reached XP level 1. HP: 10/10 MP: 6/6
   238 | D:1      | Reached skill level 4 in Spellcasting
   238 | D:1      | Reached XP level 2. HP: 15/15 MP: 6/9
   241 | D:1      | Learned a level 2 spell: Searing Ray
   701 | D:1      | Reached XP level 3. HP: 19/19 MP: 9/11
   758 | D:1      | Reached skill level 5 in Spellcasting
   979 | D:1      | Learned a level 3 spell: Dazzling Flash
  1669 | D:2      | Reached skill level 1 in Hexes
  1669 | D:2      | Reached XP level 4. HP: 24/24 MP: 9/13
  2161 | D:2      | Learned a level 4 spell: Fulminant Prism
  2289 | D:3      | Found Kezaxusu's Armour Shoppe.
  2298 | D:3      | Found Gehuesche's Assorted Antiques.
  2302 | D:3      | Bought a scroll labelled IXUDER DOIZATZ for 21 gold pieces
  2302 | D:3      | Bought a scroll labelled IKHUN TUEME for 21 gold pieces
  2355 | D:3      | Learned a level 4 spell: Iskenderun's Mystic Blast
  2462 | D:3      | Found Urphoy's Antique Weapon Emporium.
  2527 | D:3      | Found a white marble altar of Elyvilon.
  2590 | D:3      | Found a basalt altar of Yredelemnul.
  3399 | D:4      | Reached skill level 1 in Translocations
  3399 | D:4      | Reached XP level 5. HP: 20/28 MP: 9/15
  3479 | D:4      | Found a sand-covered staircase.
  3486 | Ossuary  | Entered an ossuary
  3635 | Ossuary  | Reached XP level 6. HP: 30/32 MP: 6/16
  3736 | Ossuary  | Reached skill level 5 in Conjurations
  4088 | D:4      | Found a sparkling altar of Nemelex Xobeh.
  4151 | D:4      | Noticed a +0 hand axe
  4152 | D:4      | Found a hide-covered altar of Uskayaw.
  4152 | D:4      | Noticed a +0 hand axe
  4639 | D:5      | Entered Level 5 of the Dungeon
  4646 | D:5      | Reached XP level 7. HP: 36/36 MP: 11/17
  5035 | D:3      | Bought a bone dagger for 189 gold pieces
  5035 | D:3      | Identified the +4 dagger "Munwen" {vorpal, Str+4 Dex+4}
                  | (You bought it in a shop on level 3 of the Dungeon)
  5148 | D:5      | Learned a level 2 spell: Blink
  5322 | D:5      | Reached skill level 6 in Spellcasting
  5373 | D:5      | Reached skill level 7 in Spellcasting
  5373 | D:5      | Reached XP level 8. HP: 41/41 MP: 13/20
  5470 | D:5      | Learned a level 3 spell: Stone Arrow
  5687 | D:5      | Found a staircase to the Ecumenical Temple.
  5697 | Temple   | Entered the Ecumenical Temple
  6010 | D:6      | Noticed Pikel
  6352 | D:6      | Reached skill level 8 in Spellcasting
  6675 | D:6      | Killed Pikel
  6676 | D:6      | Reached skill level 10 in Spellcasting
  6829 | D:6      | Identified the +2 leather armour "Fysydi" {rElec Regen+}
  6899 | D:6      | Found an ornate altar of the Wu Jian Council.
  7291 | D:7      | Reached skill level 11 in Spellcasting
  7291 | D:7      | Reached XP level 9. HP: 45/45 MP: 18/26
  7667 | D:7      | Found a bloodstained altar of Trog.
  7696 | D:7      | Identified a scroll of acquirement
  7698 | D:7      | Acquired 511 gold pieces
  7812 | D:3      | Bought the +2 pair of gloves "Useng" {Regen+ Str+4} for 328
                  | gold pieces
  7812 | D:3      | Bought the +0 buckler of Servitude {*Corrode Will+ Int+2
                  | Dex+2} for 218 gold pieces
  8099 | D:8      | Reached skill level 12 in Spellcasting
  8321 | D:8      | Reached skill level 13 in Spellcasting
  8618 | D:8      | Killed an unseen horror
  8929 | D:8      | Reached skill level 14 in Spellcasting
  9365 | D:9      | Noticed a troll
  9504 | D:9      | Noticed Joseph
  9643 | D:9      | Found Zophefud's Tremendous Tomes.
  9826 | D:9      | Killed Joseph
  9827 | D:9      | Reached skill level 15 in Spellcasting
  9827 | D:9      | Reached XP level 10. HP: 50/50 MP: 27/31
 10028 | D:9      | Reached skill level 16 in Spellcasting
 10198 | D:9      | Found a hazy altar of Hepliaklqana.
 10246 | D:9      | Reached skill level 1 in Fighting
 11043 | D:10     | Entered Level 10 of the Dungeon
 11120 | D:10     | Found a sacrificial altar of Ru.
 11197 | D:10     | Found a staircase to the Orcish Mines.
 11208 | D:10     | Reached skill level 5 in Dodging
 11261 | D:10     | Learned a level 2 spell: Sublimation of Blood
 11263 | D:10     | Reached skill level 1 in Necromancy
 11394 | D:10     | Found a shadowy altar of Dithmenos.
 11582 | D:10     | Reached XP level 11. HP: 58/58 MP: 33/33
 11665 | D:10     | Found a staircase to the Lair.
 11825 | D:10     | Found a radiant altar of Vehumet.
 11848 | D:10     | Became a worshipper of Vehumet
 11994 | D:10     | Noticed an angel
 11995 | D:10     | Found a glowing silver altar of Zin.
 12046 | Lair:1   | Entered Level 1 of the Lair of Beasts
 12071 | Lair:1   | Identified the +2 pair of boots of Tulips {rPois}
 12427 | Lair:1   | Noticed a four-headed hydra
 12434 | Lair:1   | Killed a four-headed hydra
 12525 | Lair:1   | Found a transporter.
 12528 | Lair:1   | Noticed a spriggan rider
 12533 | Lair:1   | Noticed AverageBear's ghost (novice DsFi)
 12535 | Lair:1   | Found a bloodstained altar of Trog.
 12535 | Lair:1   | Found a transporter.
 12886 | Lair:2   | Reached skill level 1 in Evocations
 12960 | Lair:2   | Found a staircase to the Shoals.
 13021 | Lair:2   | Reached * piety under Vehumet
 13021 | Lair:2   | Offered knowledge of Freeze by Vehumet.
 13280 | Lair:2   | Reached skill level 5 in Evocations
 13584 | Lair:2   | Reached skill level 1 in Shields
 13777 | Lair:2   | Noticed an oklob plant
 13792 | Lair:2   | Killed an oklob plant
 14154 | Lair:3   | Found a hole to the Spider Nest.
 14237 | Lair:3   | Reached ** piety under Vehumet
 14238 | Lair:3   | Reached XP level 12. HP: 64/64 MP: 23/34
 14254 | Lair:3   | Offered knowledge of Scorch by Vehumet.
 14533 | Lair:3   | Reached skill level 5 in Shields
 15430 | Lair:4   | Offered knowledge of Static Discharge by Vehumet.
 15567 | Lair:4   | Reached *** piety under Vehumet
 15605 | Lair:3   | Reached skill level 10 in Evocations
 15994 | Lair:4   | Offered knowledge of Flame Wave by Vehumet.
 16127 | Lair:4   | Noticed a death yak
 16137 | Lair:4   | Killed a death yak
 16600 | Lair:5   | Entered Level 5 of the Lair of Beasts
 16624 | Lair:5   | Noticed Sonja
 16632 | Lair:5   | Killed Sonja
 16633 | Lair:5   | Reached XP level 13. HP: 68/68 MP: 34/35
 16747 | Lair:5   | Reached **** piety under Vehumet
 16761 | Lair:5   | Reached skill level 10 in Conjurations
 16829 | Lair:5   | Offered knowledge of Fireball by Vehumet.
 16861 | Lair:4   | Learned a level 5 spell: Fireball
 16956 | Lair:5   | Reached skill level 1 in Fire Magic
 17425 | Lair:5   | Found a staircase to the Slime Pits.
 17472 | Lair:5   | Reached skill level 5 in Fire Magic
 17483 | Lair:5   | Learned a level 7 spell: Orb of Destruction
 17493 | Lair:5   | Learned a level 6 spell: Conjure Ball Lightning
 18063 | Orc:1    | Entered Level 1 of the Orcish Mines
 18076 | Orc:1    | Noticed Erica
 18087 | D:10     | Reached skill level 1 in Air Magic
 18145 | Orc:1    | Killed Erica
 18287 | Orc:1    | Noticed Josephine
 18293 | Orc:1    | Killed Josephine
 18401 | Orc:1    | Noticed Maurice
 18403 | Orc:1    | Killed Maurice
 18624 | Orc:2    | Entered Level 2 of the Orcish Mines
 18642 | Orc:2    | Reached ***** piety under Vehumet
 18643 | Orc:2    | Offered knowledge of Eringya's Noxious Bog by Vehumet.
 18725 | Orc:2    | Noticed an orc warlord
 18727 | Orc:2    | Reached skill level 5 in Air Magic
 18915 | Orc:2    | Found a staircase to the Elven Halls.
 18961 | Orc:2    | Noticed an orc warlord
 18962 | Orc:2    | Reached XP level 14. HP: 72/72 MP: 12/36
 18966 | Orc:2    | Killed an orc warlord
 19056 | Orc:2    | Killed an orc warlord
 19189 | Orc:2    | Noticed Saint Roka
 19203 | Orc:2    | Killed Saint Roka
 19312 | Orc:2    | Offered knowledge of Sticky Flame by Vehumet.
 19444 | Orc:2    | Found Qaffitem's Antique Weapon Shoppe.
 19464 | Orc:2    | Found Rumo Vea's Book Shoppe.
 19483 | Orc:2    | Found Daiheant's Antique Armour Shoppe.
 19502 | Orc:2    | Found Jaocume's General Store.
 19509 | Orc:2    | Bought a scroll of identify for 20 gold pieces
 19509 | Orc:2    | Bought a scroll of fear for 40 gold pieces
 19565 | Orc:2    | Noticed Blork the orc
 19567 | Orc:2    | Killed Blork the orc
 20001 | Orc:2    | Found a runed translucent gate.
 20006 | Orc:2    | Found a runed translucent gate.
 20007 | Orc:2    | Found a runed translucent gate.
 20010 | Orc:2    | Noticed Smersh616's ghost (journeyman DrDe)
 20026 | Orc:2    | Identified the +5 ring mail "Dumnett" {*Corrode +Blink rN++
                  | Str+8}
 20026 | Orc:2    | Identified the +1 tower shield of Dyspraxia {rF- Dex+5}
 20026 | Orc:2    | Noticed an orc warlord
 20198 | Orc:2    | Bought a glowing robe for 88 gold pieces
 20205 | Orc:2    | Bought a runed robe for 88 gold pieces
 20226 | Orc:2    | Bought a faintly glowing whip for 225 gold pieces
 20226 | Orc:2    | Identified the +7 whip of Fortitude {vorpal, rC+ Str+3
                  | Dex-2} (You bought it in a shop on level 2 of the Orcish
                  | Mines)
 20317 | D:11     | Found an ancient bone altar of Kikubaaqudgha.
 20389 | D:11     | Identified the +9 sling "Atotoefau" {freeze, rElec rC++
                  | Int-5 Dex+4}
 20436 | D:11     | Identified the +8 halberd of Unreason {drain, rC+ Will-
                  | Str+5 Int+2}
 20815 | D:11     | Got the Codex of Cursed Pestilence
 21369 | D:12     | Reached skill level 15 in Conjurations
 21745 | D:12     | Noticed Azrael
 21748 | D:12     | Killed Azrael
 22727 | D:13     | Reached XP level 15. HP: 66/76 MP: 26/37
 23296 | D:13     | Reached skill level 10 in Fire Magic
 23301 | D:13     | Reached ****** piety under Vehumet
 23669 | D:14     | Found a gate leading to a gauntlet.
 23686 | Gauntlet | Entered a Gauntlet
 23686 | Gauntlet | Found a transporter.
 23686 | Gauntlet | Found a transporter.
 23704 | Gauntlet | Found a transporter.
 23704 | Gauntlet | Found a transporter.
 23730 | Gauntlet | Found a transporter.
 23738 | Gauntlet | Found a transporter.
 23738 | Gauntlet | Found a transporter.
 23742 | Gauntlet | Found a transporter.
 23769 | Gauntlet | Found a transporter.
 23776 | Gauntlet | Found a transporter.
 23794 | Gauntlet | Found a transporter.
 23840 | Gauntlet | Found a transporter.
 23854 | Gauntlet | Found a transporter.
 23939 | Gauntlet | Found a transporter.
 23954 | Gauntlet | Found a transporter.
 23970 | Gauntlet | Found a transporter.
 24158 | Gauntlet | Identified the amulet "Evomoemp" {rF+ Regen+ Str+4}
 24198 | Gauntlet | Offered knowledge of Starburst by Vehumet.
 24961 | D:14     | Found a gate to the Vaults.
 25294 | D:15     | Entered Level 15 of the Dungeon
 25411 | D:14     | Learned a level 6 spell: Starburst
 25687 | D:15     | Found a basalt altar of Yredelemnul.
 25953 | D:15     | Found a staircase to the Depths.
 26358 | Lair:1   | Killed AverageBear's ghost
 26364 | Lair:1   | Identified the ring "Vuoteockimn" {Str+6 Slay+3}
 26457 | Shoals:1 | Entered Level 1 of the Shoals
 26480 | Shoals:1 | Found a frozen archway.
 26495 | Shoals:1 | Offered knowledge of Irradiate by Vehumet.
 26518 | IceCv    | Entered an ice cave
 26520 | IceCv    | Reached XP level 16. HP: 81/81 MP: 38/38
 26545 | IceCv    | Reached skill level 15 in Fire Magic
 26673 | IceCv    | Identified the +8 double sword of Dithmenos, Usurping
                  | {venom, Str+2}
 26816 | Shoals:1 | Noticed Louise
 26821 | Shoals:1 | Killed Louise
 26914 | Shoals:1 | Noticed Jorgrun
 26917 | Shoals:1 | Killed Jorgrun
 26955 | Shoals:1 | Offered knowledge of Lee's Rapid Deconstruction by Vehumet.
 26971 | Shoals:1 | Found a white marble altar of Elyvilon.
 26974 | Shoals:1 | Noticed a kraken
 26995 | Shoals:1 | Killed a kraken
 27346 | Shoals:2 | Noticed a kraken
 27352 | Shoals:2 | Killed a kraken
 27627 | Shoals:3 | Offered knowledge of Iron Shot by Vehumet.
 27706 | Shoals:3 | Noticed Donald
 27708 | Shoals:3 | Killed Donald
 27709 | Shoals:3 | Reached XP level 17. HP: 86/86 MP: 32/39
 27816 | Shoals:4 | Entered Level 4 of the Shoals
 27905 | Shoals:4 | Noticed Ilsuiw
 27975 | Shoals:4 | Killed Ilsuiw
 28114 | Shoals:4 | Identified the amulet of Dishonour {Faith Drain Dex+3
                  | Slay+3}
 28203 | Shoals:4 | Offered knowledge of Spellforged Servitor by Vehumet.
 28217 | Shoals:4 | Got a barnacled rune of Zot
 28631 | Elf:1    | Entered Level 1 of the Elven Halls
 28700 | Elf:1    | Learned a level 4 spell: Airstrike
 28833 | Elf:1    | Found Jiaffi Dolia's Weapon Shoppe.
 28899 | Elf:1    | Found a runed translucent door.
 28899 | Elf:1    | Noticed croobank's ghost (journeyman DgIE)
 28937 | Elf:1    | Reached skill level 17 in Spellcasting
 29177 | Elf:1    | Reached skill level 18 in Spellcasting
 29264 | Elf:1    | Identified the amulet of Fumulos {Reflect rC+ Will+ Str-4
                  | Int+4 SH+5}
 29378 | Elf:1    | Offered knowledge of Fire Storm by Vehumet.
 29378 | Elf:1    | Offered knowledge of Chain Lightning by Vehumet.
 29378 | Elf:1    | Offered knowledge of Maxwell's Capacitive Coupling by
                  | Vehumet.
 29390 | Elf:1    | Learned a level 9 spell: Fire Storm
 29403 | Elf:1    | Found Saykeb's Antique Armour Shop.
 29405 | Elf:1    | Found Fuqeosop's General Store.
 29407 | Elf:1    | Found Rufot's Magic Scroll Shop.
 29413 | Elf:1    | Bought a scroll of blinking for 97 gold pieces
 29419 | Elf:1    | Bought a crude helmet for 351 gold pieces
 29419 | Elf:1    | Identified the +1 helmet "Zeirph" {rCorr Str+9 Dex-4} (You
                  | bought it in a shop on level 1 of the Elven Halls)
 29422 | Elf:1    | Bought a citrine-encrusted leather armour for 259 gold
                  | pieces
 29422 | Elf:1    | Identified the +3 leather armour of Weak Brilliance {Harm
                  | rC- Dex+6} (You bought it in a shop on level 1 of the Elven
                  | Halls)
 29425 | Elf:1    | Bought a shiny helmet for 277 gold pieces
 29432 | Elf:1    | Bought a scroll of enchant armour for 127 gold pieces
 29432 | Elf:1    | Bought a scroll of teleportation for 51 gold pieces
 29473 | Elf:2    | Found Deopuot's Assorted Antiques.
 29480 | Elf:2    | Bought a potion of curing for 93 gold pieces
 29480 | Elf:2    | Bought a potion of haste for 310 gold pieces
 29480 | Elf:2    | Bought 2 potions of invisibility for 496 gold pieces
 29588 | Elf:2    | Reached XP level 18. HP: 91/91 MP: 30/42
 29661 | Elf:2    | Found a runed translucent gate.
 29662 | Elf:2    | Found a runed translucent gate.
 29662 | Elf:2    | Found a runed translucent gate.
 30116 | Elf:3    | Entered Level 3 of the Elven Halls
 30910 | Spider:1 | Entered Level 1 of the Spider Nest
 32706 | Spider:2 | Noticed Frances
 35188 | Spider:4 | Entered Level 4 of the Spider Nest
 36105 | Spider:4 | Reached XP level 19. HP: 95/95 MP: 43/43
 36800 | Spider:4 | Got a gossamer rune of Zot
 36826 | Spider:4 | Identified the +1 pair of gloves "Qieghayr" {rC+++ Str+3
                  | Int-3}
 37314 | Elf:3    | Reached skill level 19 in Spellcasting
 37337 | Elf:3    | Reached skill level 20 in Spellcasting
 37373 | Elf:3    | Reached skill level 21 in Spellcasting
 37514 | Elf:3    | Identified the ring of the Albatross {MP+9 Int+2}
 37563 | Elf:3    | Identified the +5 scale mail of Mezcal {+Blink rElec rN+++
                  | Will+}
 37564 | Elf:3    | Identified the ring of Exhibitionism {*Slow rN+ Str+4
                  | Dex+6}
 37567 | Elf:3    | Identified the +7 falchion of Caighe {flame, rF+ rCorr
                  | Int+4}
 37938 | Vaults:1 | Entered Level 1 of the Vaults
 37948 | Vaults:1 | Reached skill level 1 in Armour
 38196 | Vaults:1 | Found Degulain's Magic Scroll Boutique.
 38337 | Vaults:1 | Found a crumbling gateway.
 38354 | Desolati | Entered the Desolation of Salt
 38442 | Desolati | Got the Secrets of Ignition and Clouds
 38444 | Desolati | Identified the +5 mace "Keobbide" {vamp, Will+ Dex+2
                  | Stlth+}
 38452 | Desolati | Identified the ring "Echat" {rElec EV+4 Int+2 Dex+5}
 38800 | Desolati | Identified the ring of Kafuy {rPois rF+ Will+ rCorr}
 38810 | Desolati | Identified the +2 mace of Dyir {drain, *Noise Fly rN+}
 38824 | Desolati | Reached XP level 20. HP: 100/100 MP: 47/47
 38853 | Desolati | Identified the +9 short sword "Zumirpho" {drain, rF+++
                  | rCorr Dex-3 SInv}
 39400 | Vaults:1 | Noticed Nikola
 39402 | Vaults:1 | Killed Nikola
 39457 | Vaults:1 | Bought a scroll of fear for 64 gold pieces
 39457 | Vaults:1 | Bought a scroll of amnesia for 64 gold pieces
 39457 | Vaults:1 | Bought a scroll of fog for 64 gold pieces
 39466 | Vaults:1 | Learned a level 8 spell: Lehudib's Crystal Spear
 39526 | Vaults:1 | Identified the +12 lajatang "Jellybane" {speed, Str+2 SInv}
 40428 | Vaults:2 | Found a magical portal.
 40442 | WizLab   | Entered Yara's Duelist Academy
 40678 | WizLab   | Noticed Dukkezof
 40680 | WizLab   | Killed Dukkezof the Head Instructor
 40725 | WizLab   | Got the Treatise on Algid Shapeshifting
 41166 | Vaults:2 | Found a huge runed gate.
 41166 | Vaults:2 | Found a huge runed gate.
 41167 | Vaults:2 | Found a huge runed gate.
 41167 | Vaults:2 | Found a huge runed gate.
 41168 | Vaults:2 | Found a huge runed gate.
 41170 | Vaults:2 | Found a huge runed gate.
 41171 | Vaults:2 | Found a huge runed gate.
 41171 | Vaults:2 | Found a huge runed gate.
 41171 | Vaults:2 | Found a huge runed gate.
 41171 | Vaults:2 | Found a huge runed gate.
 41172 | Vaults:2 | Found a huge runed gate.
 41172 | Vaults:2 | Found a huge runed gate.
 41173 | Vaults:2 | Found a huge runed gate.
 41174 | Vaults:2 | Found a huge runed gate.
 41175 | Vaults:2 | Found a huge runed gate.
 41183 | Vaults:2 | Found a huge runed gate.
 41183 | Vaults:2 | Found a huge runed gate.
 41183 | Vaults:2 | Found a huge runed gate.
 41183 | Vaults:2 | Found a huge runed gate.
 41183 | Vaults:2 | Found a huge runed gate.
 41634 | Vaults:2 | Reached skill level 5 in Fighting
 41839 | Vaults:2 | Found a huge runed gate.
 41840 | Vaults:2 | Found a huge runed gate.
 41841 | Vaults:2 | Found a huge runed gate.
 41842 | Vaults:2 | Found a huge runed gate.
 41903 | Vaults:2 | Found a huge runed gate.
 41903 | Vaults:2 | Found a huge runed gate.
 41903 | Vaults:2 | Found a huge runed gate.
 41903 | Vaults:2 | Found a huge runed gate.
 41903 | Vaults:2 | Found a huge runed gate.
 41903 | Vaults:2 | Found a huge runed gate.
 41904 | Vaults:2 | Found a huge runed gate.
 42029 | Vaults:2 | Found a huge runed gate.
 42030 | Vaults:2 | Found a huge runed gate.
 42038 | Vaults:2 | Found a huge runed gate.
 42038 | Vaults:2 | Found a huge runed gate.
 42038 | Vaults:2 | Found a huge runed gate.
 42377 | Vaults:3 | Reached XP level 21. HP: 116/116 MP: 45/48
 42473 | Vaults:3 | Found a staircase to the Crypt.
 42473 | Vaults:3 | Found a basalt altar of Yredelemnul.
 42473 | Vaults:3 | Found an ancient bone altar of Kikubaaqudgha.
 42528 | Crypt:1  | Entered Level 1 of the Crypt
 42532 | Crypt:1  | Noticed Frederick
 42534 | Crypt:1  | Killed Frederick
 43136 | Vaults:3 | Reached skill level 10 in Dodging
 43274 | Vaults:3 | Found Naitry Caje's Antique Armour Boutique.
 43285 | Vaults:3 | Bought a pair of jewelled boots for 332 gold pieces
 43285 | Vaults:3 | Identified the +0 pair of boots of Mezcal {+Blink rN+ Will-
                  | Slay+5} (You bought it in a shop on level 3 of the Vaults)
 43718 | Vaults:3 | Identified the +0 arbalest "Beastslayer" {vorpal, Str-3
                  | Int+5}
 44423 | Vaults:4 | Reached skill level 15 in Dodging
 44472 | Vaults:4 | Reached skill level 5 in Necromancy
 44728 | Vaults:4 | Found a radiant altar of Vehumet.
 44732 | Vaults:4 | Found a transporter.
 45228 | Vaults:4 | Identified the ring of the Distant Future {AC+4 Dex+4}
 45249 | Vaults:4 | Found a transporter.
 45509 | Crypt:1  | Reached skill level 10 in Fighting
 45512 | Crypt:1  | Reached XP level 22. HP: 88/127 MP: 40/49
 45708 | Crypt:1  | You fall into a shaft and drop 1 floor!
 46963 | Crypt:3  | Entered Level 3 of the Crypt
 47123 | Crypt:3  | Found a staircase to the Tomb.
 47144 | Crypt:3  | Identified the +1 ring mail of the Kangaroo {rPois rC-
                  | Str+5 Int+2}
 47255 | Crypt:3  | Noticed Vv
 47406 | Crypt:3  | Reached skill level 5 in Earth Magic
 47464 | Crypt:3  | Noticed an ancient lich
 47469 | Crypt:3  | Killed an ancient lich
 47544 | Crypt:3  | Found an ancient bone altar of Kikubaaqudgha.
 47547 | Crypt:3  | Identified the ring of Nimmemau {rN+ Dex+4 SInv}
 47566 | Crypt:3  | Got the Textbook on the Amorphous Pyre
 47567 | Crypt:3  | Identified the ring of Hettah {rN+ Will+}
 47567 | Crypt:3  | Identified the ring "Esowa" {Drain +Blink rElec rN+}
 47571 | Crypt:3  | Identified the +3 long sword of Equilibrium {venom, rC+
                  | Int+4}
 47601 | Crypt:3  | Learned a level 8 spell: Maxwell's Capacitive Coupling
 47888 | Vaults:4 | Upgraded the game from 0.29.1-14-g9c671dbff4 to
                  | 0.29.1-15-g9cfb28693d
 48251 | Slime:1  | Entered Level 1 of the Pits of Slime
 48530 | Slime:5  | Entered Level 5 of the Pits of Slime
 48555 | Slime:5  | Noticed the Royal Jelly
 48870 | Slime:3  | Reached skill level 10 in Air Magic
 49108 | Slime:5  | Killed the Royal Jelly
 49295 | Slime:5  | Reached XP level 23. HP: 142/142 MP: 29/50
 49445 | Slime:5  | Found the +5 demon whip "Spellbinder" {antimagic, Will+}
 49480 | Slime:5  | Identified the ring "Qost" {Ice Fly rElec MP+9 Int-5}
 49489 | Slime:5  | Got a slimy rune of Zot
 49492 | Slime:5  | Identified the +9 chain mail of Satisfaction {Drain rF+
                  | Regen+ Int+2}
 49526 | Slime:5  | Identified the +8 spear of the Nine Xenops {vorpal, rPois
                  | Int+4 SInv}
 49527 | Slime:5  | Identified the +4 sling of Yredelemnul's Grace {freeze,
                  | rPois Str-2 SInv}
 49536 | Slime:5  | Identified the +0 robe of Koog {rElec rF+ Dex-4}
 49560 | Slime:5  | Identified the +7 eveningstar "Tiofagh" {holy, *Rage rF+
                  | SInv Stlth+}
 50093 | Vaults:5 | Entered Level 5 of the Vaults
 50205 | Vaults:5 | Identified the +10 battleaxe of Defiance {vorpal, Str+2
                  | Stlth+}
 50212 | Vaults:5 | Noticed an ancient lich
 50215 | Vaults:5 | Killed an ancient lich
 50369 | Vaults:5 | Learned a level 8 spell: Necromutation
 50402 | Vaults:5 | Noticed Boris
 50406 | Vaults:5 | Killed Boris
 50412 | Vaults:5 | Noticed a dread lich
 50417 | Vaults:5 | Killed a dread lich
 50480 | Vaults:5 | Reached skill level 5 in Transmutations
 50564 | Vaults:5 | Found Zifinwel's Assorted Antiques.
 50574 | Vaults:5 | Bought a scroll of blinking for 277 gold pieces
 50574 | Vaults:5 | Bought a scroll of amnesia for 148 gold pieces
 50574 | Vaults:5 | Bought a scroll of teleportation for 111 gold pieces
 50850 | Vaults:5 | Reached skill level 1 in Staves
 51070 | Vaults:5 | Found Hischako's Distillery.
 51079 | Vaults:5 | Bought a potion of haste for 140 gold pieces
 51079 | Vaults:5 | Bought 2 potions of curing for 84 gold pieces
 51079 | Vaults:5 | Bought a potion of haste for 140 gold pieces
 51079 | Vaults:5 | Bought a potion of might for 56 gold pieces
 51079 | Vaults:5 | Bought 2 potions of invisibility for 224 gold pieces
 51079 | Vaults:5 | Bought a potion of ambrosia for 112 gold pieces
 51079 | Vaults:5 | Bought a potion of heal wounds for 70 gold pieces
 51226 | Vaults:5 | Identified the ring of Xom's Flight of Fancy {rN+ Dex+2}
 51307 | Vaults:5 | Found the +5 lochaber axe {reach-cleave, poleaxe}
 51365 | Vaults:5 | Identified the +5 mace "Innyrphi" {vorpal, Str+4}
 51483 | Vaults:5 | Reached skill level 5 in Staves
 51526 | Vaults:5 | Reached XP level 24. HP: 116/148 MP: 48/50
 51584 | Vaults:5 | Got a silver rune of Zot
 52452 | Orc:2    | Killed Smersh616's ghost
 52624 | Elf:1    | You fall into a shaft and drop 1 floor!
 52814 | Elf:1    | Got the Incunable of Generative Concussion
 52935 | Elf:1    | Killed croobank's ghost
 53271 | Depths:1 | Entered Level 1 of the Depths
 53515 | Depths:1 | Got the Commentary on the Flock
 53627 | Depths:1 | Found a one-way gateway to a ziggurat.
 53756 | Depths:1 | Found an iron altar of Okawaru.
 53819 | Depths:1 | Found a white marble altar of Elyvilon.
 53898 | Depths:1 | Found a one-way gate to the infinite horrors of the Abyss.
 53994 | Depths:1 | Found a gateway to Hell.
 54631 | Depths:2 | Found a one-way gate leading to the halls of Pandemonium.
 54790 | Depths:2 | Reached skill level 10 in Staves
 55887 | Depths:3 | Reached skill level 5 in Armour
 56591 | Depths:4 | Entered Level 4 of the Depths
 56744 | Depths:4 | Reached XP level 25. HP: 152/152 MP: 42/50
 57036 | Depths:4 | Found a shadowy altar of Dithmenos.
 57273 | Depths:1 | Acquired the +1 cloak "Gashih" {rN+ Str+3}
 57280 | Zig:1    | Entered Level 1 of a ziggurat
 57303 | Zig:2    | Entered Level 2 of a ziggurat
 57339 | Zig:3    | Entered Level 3 of a ziggurat
 57356 | Zig:3    | Reached skill level 22 in Spellcasting
 57356 | Zig:3    | Reached XP level 26. HP: 158/158 MP: 43/51
 57364 | Zig:3    | Learned a level 6 spell: Statue Form
 57382 | Zig:4    | Entered Level 4 of a ziggurat
 57410 | Zig:5    | Entered Level 5 of a ziggurat
 57441 | Zig:6    | Entered Level 6 of a ziggurat
 57473 | Zig:7    | Entered Level 7 of a ziggurat
 57493 | Zig:7    | Identified the +6 quarterstaff of Mastery {flame, rElec
                  | Str+2 Dex-5 SInv}
 57499 | Zig:7    | Reached XP level 27. HP: 163/163 MP: 40/51
 57501 | Zig:7    | Identified the ring "Ruoguhue" {rElec rF+ Str-3 SInv}
 57535 | Zig:8    | Entered Level 8 of a ziggurat
 57589 | Zig:8    | Gained mutation: You expend magic power (3 MP) to
                  | strengthen your wands. [potion of mutation]
 57590 | Zig:8    | Lost mutation: You expend magic power (3 MP) to strengthen
                  | your wands. [potion of mutation]
 57590 | Zig:8    | Gained mutation: You are weak. (Str -2) [potion of
                  | mutation]
 57590 | Zig:8    | Gained mutation: You are partially covered in iridescent
                  | scales. (AC +2) [potion of mutation]
 57591 | Zig:8    | Lost mutation: You are partially covered in iridescent
                  | scales. (AC +2) [potion of mutation]
 57591 | Zig:8    | Lost mutation: You are weak. (Str -2) [potion of mutation]
 57591 | Zig:8    | Gained mutation: You occasionally lose the ability to read
                  | scrolls when taking damage. [potion of mutation]
 57591 | Zig:8    | Gained mutation: Your flesh is heat resistant. (rF+)
                  | [potion of mutation]
 57591 | Zig:8    | Gained mutation: You have a somewhat thin skeletal
                  | structure. (Dex +2, Stealth+) [potion of mutation]
 57592 | Zig:8    | Lost mutation: Your flesh is heat resistant. (rF+) [potion
                  | of mutation]
 57592 | Zig:8    | Lost mutation: You occasionally lose the ability to read
                  | scrolls when taking damage. [potion of mutation]
 57592 | Zig:8    | Gained mutation: You have a pair of small horns on your
                  | head. [potion of mutation]
 57592 | Zig:8    | Gained mutation: You are partially covered in iridescent
                  | scales. (AC +2) [potion of mutation]
 57592 | Zig:8    | Gained mutation: Your magical capacity is low. (-10% MP)
                  | [potion of mutation]
 57592 | Zig:8    | Gained mutation: You are resistant to electric shocks.
                  | (rElec) [potion of mutation]
 57593 | Zig:8    | Lost mutation: You have a somewhat thin skeletal structure.
                  | (Dex +2, Stealth+) [potion of mutation]
 57593 | Zig:8    | Lost mutation: You are partially covered in iridescent
                  | scales. (AC +2) [potion of mutation]
 57593 | Zig:8    | Lost mutation: You are resistant to electric shocks.
                  | (rElec) [potion of mutation]
 57593 | Zig:8    | Gained mutation: Your muscles are strong. (Str +4, Int/Dex
                  | -1) [potion of mutation]
 57593 | Zig:8    | Gained mutation: Your magical capacity is very low. (-20%
                  | MP) [potion of mutation]
 57593 | Zig:8    | Gained mutation: You do not regenerate when monsters are
                  | visible. [potion of mutation]
 57593 | Zig:8    | Gained mutation: You are partially covered in iridescent
                  | scales. (AC +2) [potion of mutation]
 57594 | Zig:8    | Lost mutation: You have a pair of small horns on your head.
                  | [potion of mutation]
 57594 | Zig:8    | Lost mutation: Your muscles are strong. (Str +4, Int/Dex
                  | -1) [potion of mutation]
 57594 | Zig:8    | Lost mutation: You are partially covered in iridescent
                  | scales. (AC +2) [potion of mutation]
 57594 | Zig:8    | Gained mutation: You have a somewhat thin skeletal
                  | structure. (Dex +2, Stealth+) [potion of mutation]
 57594 | Zig:8    | Gained mutation: You have sharp toenails. [potion of
                  | mutation]
 57595 | Zig:8    | Lost mutation: You do not regenerate when monsters are
                  | visible. [potion of mutation]
 57595 | Zig:8    | Lost mutation: You have a somewhat thin skeletal structure.
                  | (Dex +2, Stealth+) [potion of mutation]
 57595 | Zig:8    | Lost mutation: Your magical capacity is very low. (-20% MP)
                  | [potion of mutation]
 57595 | Zig:8    | Gained mutation: You are robust. (+10% HP) [potion of
                  | mutation]
 57595 | Zig:8    | Gained mutation: You are partially covered in iridescent
                  | scales. (AC +2) [potion of mutation]
 57595 | Zig:8    | Gained mutation: You have hidden genetic potential. [potion
                  | of mutation]
 57621 | Zig:9    | Entered Level 9 of a ziggurat
 57631 | Zig:9    | Reached skill level 10 in Necromancy
 57632 | Zig:9    | Reached skill level 10 in Transmutations
 57650 | Zig:9    | Got the Precepts of Gritty Fog
 57651 | Zig:9    | Identified the ring "Arewn" {rF- rN+ EV+4 Str+2 Int+6}
 57656 | Zig:9    | Identified the +1 pair of gloves of Ocwirgha {rElec Str+2
                  | Slay+3}
 57670 | Zig:10   | Entered Level 10 of a ziggurat
 57678 | Zig:10   | Found the +3 giant club "Skullcrusher" {speed, Str+7}
 57684 | Zig:10   | Noticed Noullir the pandemonium lord
 57688 | Zig:10   | Killed Noullir the pandemonium lord
 57771 | Zig:10   | Identified the +0 pair of gloves of Lifelessness {rF+ Str+6
                  | Dex-4}
 57826 | Zig:11   | Entered Level 11 of a ziggurat
 57856 | Zig:11   | Learned a level 4 spell: Passage of Golubria
 57897 | Zig:12   | Entered Level 12 of a ziggurat
 57920 | Zig:12   | Found the macabre finger necklace {rN+}
 57920 | Zig:12   | Found the +3 Mad Mage's Maulers {Infuse+∞ RegenMP Int-3}
 57939 | Zig:12   | Identified the ring of the Establishment {rF+ rCorr Str+3
                  | Int+3}
 57943 | Zig:12   | Identified the ring of Exhibitionism {rElec rPois rC- EV+4
                  | Int+5}
 57975 | Zig:12   | Identified the +1 pair of gloves of the Lumpy Lovers {Str+4
                  | Slay+2}
 57989 | Zig:12   | Identified the +4 arbalest of Responsibility {speed, Int+6}
 57992 | Zig:13   | Entered Level 13 of a ziggurat
 58005 | Zig:13   | Noticed a juggernaut
 58006 | Zig:13   | Killed a juggernaut
 58007 | Zig:13   | Killed a juggernaut
 58017 | Zig:13   | Noticed a juggernaut
 58020 | Zig:13   | Killed a juggernaut
 58025 | Zig:13   | Noticed a juggernaut
 58026 | Zig:13   | Killed a juggernaut
 58065 | Zig:13   | Identified the ring "Noered" {rPois rC- rCorr AC+4 Dex-3}
 58074 | Zig:13   | Identified the +11 demon blade of Flawed Execution {venom,
                  | Str+7}
 58082 | Zig:14   | Entered Level 14 of a ziggurat
 58189 | Zig:14   | Identified the ring "Sixaj" {rPois rF+ Str+4 Int-4 SInv}
 58224 | Zig:15   | Entered Level 15 of a ziggurat
 58230 | Zig:15   | Noticed a juggernaut
 58231 | Zig:15   | Noticed a juggernaut
 58233 | Zig:15   | Killed a juggernaut
 58235 | Zig:15   | Killed a juggernaut
 58236 | Zig:15   | Reached skill level 15 in Necromancy
 58239 | Zig:15   | Noticed a juggernaut
 58240 | Zig:15   | Noticed a juggernaut
 58241 | Zig:15   | Killed a juggernaut
 58242 | Zig:15   | Killed a juggernaut
 58242 | Zig:15   | Killed a juggernaut
 58328 | Zig:15   | Identified the ring "Rioze" {+Blink rCorr Str+6 Int+3}
 58331 | Zig:15   | Identified the +6 halberd of Suicidal Tendencies {drain,
                  | Str+4 Int+4}
 58353 | Zig:16   | Entered Level 16 of a ziggurat
 58370 | Zig:16   | Reached skill level 23 in Spellcasting
 58404 | Zig:16   | Identified the +11 great sword of Truncation {antimagic,
                  | +Blink rCorr Str+6}
 58409 | Zig:16   | Got the Parchment of Geology and Glamour
 58443 | Zig:16   | Learned a level 9 spell: Shatter
 58450 | Zig:17   | Entered Level 17 of a ziggurat
 58459 | Zig:17   | Noticed Zezapry the pandemonium lord
 58463 | Zig:17   | Noticed Durrusaw the pandemonium lord
 58464 | Zig:17   | Killed Zezapry the pandemonium lord
 58469 | Zig:17   | Killed Durrusaw the pandemonium lord
 58470 | Zig:17   | Reached skill level 10 in Earth Magic
 58471 | Zig:17   | Noticed Tudas the pandemonium lord
 58473 | Zig:17   | Noticed Aduut the pandemonium lord
 58474 | Zig:17   | Killed Tudas the pandemonium lord
 58474 | Zig:17   | Killed Aduut the pandemonium lord
 58478 | Zig:17   | Noticed Diytuzin the pandemonium lord
 58479 | Zig:17   | Gained mutation: You are resistant to electric shocks.
                  | (rElec) [hidden potential]
 58481 | Zig:17   | Killed Diytuzin the pandemonium lord
 58523 | Zig:17   | Identified the +10 dagger "Recab" {distort, rElec rPois}
 58533 | Zig:18   | Entered Level 18 of a ziggurat
 58606 | Zig:18   | Got the Secrets of Grim Translocation
 58607 | Zig:18   | Identified the +5 quarterstaff of Expedience {vorpal, *Rage
                  | rF- rC+ Dex+8}
 58610 | Zig:18   | Identified the +8 broad axe "Veryjoa" {freeze, Will+ Dex+6}
 58618 | Zig:18   | Identified the -1 pair of gloves of Valiance {Fly rC- rCorr
                  | Dex+7}
 58622 | Zig:18   | Identified the +1 ring mail "Uwuv" {rPois Dex+3}
 58626 | Zig:18   | Identified the +5 hand axe "Caroamin" {holy, rElec rPois}
 58631 | Zig:18   | Identified the ring "Coshriu" {Will+ rCorr Str+4 Dex+2}
 58635 | Zig:19   | Entered Level 19 of a ziggurat
 58646 | Zig:19   | Noticed an ancient lich
 58648 | Zig:19   | Killed an ancient lich
 58656 | Zig:19   | Reached skill level 15 in Earth Magic
 58658 | Zig:19   | Killed a dread lich
 58661 | Zig:19   | Noticed a dread lich
 58664 | Zig:19   | Killed a dread lich
 58721 | Zig:19   | Identified the +6 chain mail of Boredom {rF+ rC+ Str+2
                  | Stlth-}
 58722 | Zig:19   | Identified the +7 sling "Ynnitwal" {venom, Dex+5}
 58734 | Zig:19   | Identified the ring of Yppis {+Blink rF+ rC+ Int-5}
 58747 | Zig:20   | Entered Level 20 of a ziggurat
 58801 | Zig:20   | Found the +8 mithril axe "Arga" {speed, Will+}
 58875 | Zig:21   | Entered Level 21 of a ziggurat
 58947 | Zig:21   | Found the +8 arc blade {discharge, rElec}
 58963 | Zig:21   | Identified the +11 scimitar "Ulintywi" {holy, rN+}
 58995 | Zig:21   | Identified the ring "Lyitzowa" {Fly Str+2}
 59004 | Zig:22   | Entered Level 22 of a ziggurat
 59026 | Zig:22   | Noticed Ythyguull the pandemonium lord
 59031 | Zig:22   | Killed Ythyguull the pandemonium lord
 59052 | Zig:22   | Gained mutation: You have a pair of small horns on your
                  | head. [hidden potential]
 59052 | Zig:22   | Lost mutation: You have hidden genetic potential. [hidden
                  | potential expressed]
 59080 | Zig:22   | Found the +3 crown of Dyrovepreva {rElec Int+2 SInv}
 59092 | Zig:22   | Identified the +0 helmet "Lutrip" {rF++ rC+ Dex+2}
 59099 | Zig:22   | Identified the +10 war axe of the Howling One {vorpal,
                  | *Corrode +Blink Str+3 SInv}
 59108 | Zig:22   | Identified the ring "Inleitt" {MP+9 Dex+6}
 59111 | Zig:22   | Got Sif Muna's Volume of United Breath
 59188 | Zig:23   | Entered Level 23 of a ziggurat
 59209 | Zig:23   | Paralysed by an air elemental for 1 turns
 59213 | Zig:23   | Reached skill level 15 in Fighting
 59266 | Zig:23   | Identified the +0 kite shield "Caludoz" {rF- Regen+ Int-3
                  | Dex+9}
 59335 | Zig:24   | Entered Level 24 of a ziggurat
 59348 | Zig:24   | Noticed a juggernaut
 59350 | Zig:24   | Killed a juggernaut
 59351 | Zig:24   | Noticed a juggernaut
 59356 | Zig:24   | Noticed a juggernaut
 59356 | Zig:24   | Killed a juggernaut
 59358 | Zig:24   | Killed a juggernaut
 59358 | Zig:24   | Killed a juggernaut
 59358 | Zig:24   | Noticed a juggernaut
 59360 | Zig:24   | Killed a juggernaut
 59360 | Zig:24   | Killed a juggernaut
 59362 | Zig:24   | Noticed a juggernaut
 59362 | Zig:24   | Noticed a juggernaut
 59363 | Zig:24   | Killed a juggernaut
 59363 | Zig:24   | Noticed a juggernaut
 59363 | Zig:24   | Noticed a juggernaut
 59364 | Zig:24   | Killed a juggernaut
 59364 | Zig:24   | Killed a juggernaut
 59365 | Zig:24   | Killed a juggernaut
 59365 | Zig:24   | Killed a juggernaut
 59368 | Zig:24   | Noticed a juggernaut
 59369 | Zig:24   | Killed a juggernaut
 59371 | Zig:24   | Noticed a juggernaut
 59373 | Zig:24   | Killed a juggernaut
 59407 | Zig:24   | Identified the ring of the Bespelled Lychee {rF+ rC+ rN+}
 59412 | Zig:24   | Identified the +11 morningstar of Udatin {vamp, rF+ rC-
                  | rCorr}
 59434 | Zig:24   | Identified the +5 halberd of Solemn Reinforcement {holy,
                  | rN++ Str-2}
 59461 | Zig:25   | Entered Level 25 of a ziggurat
 59478 | Zig:25   | Reached skill level 15 in Transmutations
 59489 | Zig:25   | Noticed Tahypefe the pandemonium lord
 59491 | Zig:25   | Killed Tahypefe the pandemonium lord
 59495 | Zig:25   | Noticed Pimodwat the pandemonium lord
 59496 | Zig:25   | Killed Pimodwat the pandemonium lord
 59497 | Zig:25   | Noticed Ikhlad the pandemonium lord
 59499 | Zig:25   | Noticed Zuoguob the pandemonium lord
 59499 | Zig:25   | Noticed Pouwa the pandemonium lord
 59501 | Zig:25   | Killed Ikhlad the pandemonium lord
 59501 | Zig:25   | Noticed Zycita the pandemonium lord
 59501 | Zig:25   | Noticed Lawnuygo the pandemonium lord
 59501 | Zig:25   | Noticed Ossy the pandemonium lord
 59506 | Zig:25   | Killed Pouwa the pandemonium lord
 59507 | Zig:25   | Killed Zuoguob the pandemonium lord
 59508 | Zig:25   | Killed Zycita the pandemonium lord
 59513 | Zig:25   | Killed Ossy the pandemonium lord
 59515 | Zig:25   | Noticed Lerr the pandemonium lord
 59517 | Zig:25   | Noticed Bonwiep the pandemonium lord
 59518 | Zig:25   | Noticed Qiha the pandemonium lord
 59521 | Zig:25   | Killed Lerr the pandemonium lord
 59525 | Zig:25   | Found the amulet of the Four Winds {rN+ Will+++ Clar}
 59537 | Zig:25   | Identified the +5 morningstar "Qabo" {vorpal, Fly rCorr
                  | Dex+2}
 59539 | Zig:25   | Got the Compilation of Blasphemous Mysteries and the Map
 59548 | Zig:25   | Noticed Saxkuf the pandemonium lord
 59551 | Zig:25   | Noticed Qirphid the pandemonium lord
 59553 | Zig:25   | Killed Saxkuf the pandemonium lord
 59553 | Zig:25   | Noticed Juste the pandemonium lord
 59556 | Zig:25   | Killed Juste the pandemonium lord
 59556 | Zig:25   | Killed Lawnuygo the pandemonium lord
 59556 | Zig:25   | Killed Qirphid the pandemonium lord
 59559 | Zig:25   | Killed Bonwiep the pandemonium lord
 59561 | Zig:25   | Noticed Puskox the pandemonium lord
 59561 | Zig:25   | Noticed Pumel the pandemonium lord
 59563 | Zig:25   | Killed Pumel the pandemonium lord
 59565 | Zig:25   | Noticed Jaanlyudgh the pandemonium lord
 59566 | Zig:25   | Killed Puskox the pandemonium lord
 59567 | Zig:25   | Killed Jaanlyudgh the pandemonium lord
 59568 | Zig:25   | Killed Qiha the pandemonium lord
 59570 | Zig:25   | Noticed Engyzenk the pandemonium lord
 59571 | Zig:25   | Killed Engyzenk the pandemonium lord
 59614 | Zig:25   | Identified the +3 plate armour "Ysoerorr" {Rampage Str+2
                  | Int-2}
 59628 | Zig:25   | Identified the +6 longbow of True Grit {flame, Str+6}
 59651 | Zig:26   | Entered Level 26 of a ziggurat
 59669 | Zig:26   | Noticed a juggernaut
 59671 | Zig:26   | Noticed a juggernaut
 59671 | Zig:26   | Noticed a juggernaut
 59671 | Zig:26   | Noticed a juggernaut
 59672 | Zig:26   | Killed a juggernaut
 59672 | Zig:26   | Noticed a juggernaut
 59674 | Zig:26   | Killed a juggernaut
 59674 | Zig:26   | Killed a juggernaut
 59674 | Zig:26   | Killed a juggernaut
 59675 | Zig:26   | Killed a juggernaut
 59678 | Zig:26   | Noticed a juggernaut
 59679 | Zig:26   | Noticed a juggernaut
 59680 | Zig:26   | Killed a juggernaut
 59681 | Zig:26   | Killed a juggernaut
 59696 | Zig:26   | Noticed a juggernaut
 59697 | Zig:26   | Killed a juggernaut
 59713 | Zig:26   | Found the amulet of the Air {Inacc Air Fly rElec RMsl}
 59741 | Zig:26   | Identified the +11 mace "Vesoc" {elec, rElec Str+3}
 59757 | Zig:26   | Identified the +8 morningstar of Indignation {flame, rPois
                  | rC+ Dex+3}
 59759 | Zig:26   | Identified the +9 dagger of Beyvyb {drain, rPois Dex+3}
 59769 | Zig:26   | Identified the +11 sling of Fiofao {freeze, Str+2}
 59785 | Zig:27   | Entered Level 27 of a ziggurat
 59873 | Zig:27   | Found the ring of the Tortoise {AC+8}
 59876 | Zig:27   | Found the +11 plutonium sword {Contam Stlth-}
 59882 | Zig:27   | Got Osamp's Lectures on Vitiation
 59885 | Zig:27   | Identified the +7 lajatang of the Bespelling Augurer
                  | {venom, rF+}
 59897 | Zig:27   | Identified the +4 mace of Dissent {flame, Dex+3}
 59898 | Zig:27   | Identified the ring "Jipt" {*Slow rC++ rN++ EV+4}
 59904 | Zig:27   | Identified the +8 scale mail of the Forsaken Planets
                  | {rElec}
 59917 | Zig:27   | Reached skill level 10 in Armour
 59920 | Zig:27   | Identified the +8 shortbow of the Glowing Seeker {venom,
                  | rC+ rN+ Str+4}
 59926 | Zig:27   | Identified the +9 arbalest "Xuah" {vorpal, rPois Int+2}
 59975 | Depths:1 | Learned a level 1 spell: Apportation
 60211 | Depths:4 | Found a gate to the Realm of Zot.
 60293 | Zot:1    | Entered Level 1 of the Realm of Zot
 60426 | Zot:1    | Noticed an orb of fire
 60433 | Zot:1    | Killed an orb of fire
 61203 | Zot:2    | Noticed an orb of fire
 61207 | Zot:2    | Gained mutation: You are weak. (Str -2) [an orb of fire]
 61208 | Zot:2    | Killed an orb of fire
 61484 | Zot:2    | Reached skill level 5 in Stealth
 61969 | Zot:2    | Identified the amulet of Curhywk {Acrobat Rampage Str+6
                  | Int+3 Stlth+}
 61985 | Zot:2    | Reached skill level 10 in Stealth
 64526 | Zot:5    | Entered Level 5 of the Realm of Zot
 64678 | Zot:5    | Reached skill level 15 in Stealth
 65152 | Zot:5    | Noticed an ancient lich
 65154 | Zot:5    | Killed an ancient lich
 65166 | Zot:5    | Noticed an orb of fire
 65167 | Zot:5    | Noticed an orb of fire
 65169 | Zot:5    | Killed an orb of fire
 65170 | Zot:5    | Killed an orb of fire
 65301 | Zot:5    | Noticed an orb of fire
 65305 | Zot:5    | Killed an orb of fire
 65451 | Zot:5    | Noticed a dread lich
 65452 | Zot:5    | Killed a dread lich
 65453 | Zot:5    | Reached skill level 10 in Shields
 65455 | Zot:5    | Noticed an orb of fire
 65459 | Zot:5    | Killed an orb of fire
 65467 | Zot:5    | Noticed an orb of fire
 65469 | Zot:5    | Noticed an orb of fire
 65469 | Zot:5    | Gained mutation: Your spells are a little harder to cast,
                  | but a little more powerful. [an orb of fire]
 65470 | Zot:5    | Killed an orb of fire
 65472 | Zot:5    | Killed an orb of fire
 65477 | Zot:5    | Noticed an orb of fire
 65479 | Zot:5    | Killed an orb of fire
 65479 | Zot:5    | Noticed an orb of fire
 65480 | Zot:5    | Killed an orb of fire
 65524 | Zot:5    | Noticed an orb of fire
 65527 | Zot:5    | Killed an orb of fire
 65527 | Zot:5    | Noticed an orb of fire
 65530 | Zot:5    | Killed an orb of fire
 65534 | Zot:5    | Killed a dread lich
 65535 | Zot:5    | Noticed an orb of fire
 65537 | Zot:5    | Gained mutation: Your flesh is cold resistant. (rC+) [an
                  | orb of fire]
 65538 | Zot:5    | Killed an orb of fire
 65927 | Depths:4 | Voluntarily entered the Abyss.
 66292 | Abyss:2  | Reached skill level 24 in Spellcasting
 66654 | Abyss:3  | Got an abyssal rune of Zot
 66657 | Abyss:3  | Reached skill level 25 in Spellcasting
 66668 | Depths:4 | Escaped the Abyss
 67017 | Tomb:1   | Entered Level 1 of the Tomb of the Ancients
 67039 | Tomb:1   | Noticed a royal mummy
 67041 | Tomb:1   | Killed a royal mummy
 67044 | Tomb:1   | Noticed a royal mummy
 67045 | Tomb:1   | Killed a royal mummy
 67048 | Tomb:1   | Noticed a royal mummy
 67051 | Tomb:1   | Killed a royal mummy
 67052 | Tomb:1   | Noticed a royal mummy
 67052 | Tomb:1   | Noticed a royal mummy
 67054 | Tomb:1   | Noticed a royal mummy
 67055 | Tomb:1   | Noticed a royal mummy
 67058 | Tomb:1   | Killed a royal mummy
 67058 | Tomb:1   | Killed a royal mummy
 67063 | Tomb:1   | Noticed a royal mummy
 67069 | Tomb:1   | Killed a royal mummy
 67069 | Tomb:1   | Killed a royal mummy
 67078 | Crypt:3  | Killed a royal mummy
 67236 | Tomb:1   | Noticed a royal mummy
 67239 | Tomb:1   | Killed a royal mummy
 67243 | Tomb:1   | Noticed a royal mummy
 67243 | Tomb:1   | Killed a royal mummy
 67249 | Tomb:1   | Noticed a royal mummy
 67251 | Tomb:1   | Killed a royal mummy
 67289 | Tomb:1   | Noticed a royal mummy
 67291 | Tomb:1   | Killed a royal mummy
 67381 | Tomb:1   | Noticed a royal mummy
 67385 | Tomb:1   | Killed a royal mummy
 67599 | Tomb:1   | Noticed a royal mummy
 67601 | Tomb:1   | Killed a royal mummy
 67792 | Tomb:1   | Noticed a royal mummy
 67792 | Tomb:1   | Noticed a royal mummy
 67794 | Tomb:1   | Killed a royal mummy
 67794 | Tomb:1   | Killed a royal mummy
 69130 | Tomb:2   | Noticed a royal mummy
 69136 | Tomb:2   | Killed a royal mummy
 69140 | Tomb:2   | Noticed a royal mummy
 69143 | Tomb:2   | Killed a royal mummy
 69166 | Tomb:2   | Noticed a royal mummy
 69169 | Tomb:2   | Killed a royal mummy
 69173 | Tomb:2   | Noticed a royal mummy
 69176 | Tomb:2   | Killed a royal mummy
 69604 | Tomb:3   | Entered Level 3 of the Tomb of the Ancients
 69611 | Tomb:3   | Reached skill level 26 in Spellcasting
 69620 | Tomb:3   | Reached skill level 27 in Spellcasting
 69622 | Tomb:3   | Noticed a royal mummy
 69622 | Tomb:3   | Noticed a royal mummy
 69624 | Tomb:3   | Noticed a royal mummy
 69624 | Tomb:3   | Noticed a royal mummy
 69624 | Tomb:3   | Noticed a royal mummy
 69625 | Tomb:3   | Killed a royal mummy
 69625 | Tomb:3   | Killed a royal mummy
 69625 | Tomb:3   | Killed a royal mummy
 69625 | Tomb:3   | Killed a royal mummy
 69625 | Tomb:3   | Noticed a royal mummy
 69625 | Tomb:3   | Noticed Khufu
 69626 | Tomb:3   | Killed a royal mummy
 69627 | Tomb:3   | Killed a royal mummy
 69627 | Tomb:3   | Noticed a royal mummy
 69628 | Tomb:3   | Killed Khufu
 69628 | Tomb:3   | Noticed a royal mummy
 69630 | Tomb:3   | Killed a royal mummy
 69631 | Tomb:3   | Killed a royal mummy
 69679 | Tomb:3   | Found the ring of Shadows {Umbra +Inv Stlth+}
 69690 | Tomb:3   | Identified the ring "Qoysh" {Fly rPois Str+4}
 70000 | Tomb:3   | Got a golden rune of Zot
 71212 | Hell     | Entered the Vestibule of Hell
 71212 | Hell     | Noticed Geryon
 71218 | Hell     | Killed Geryon
 71241 | Hell     | Reached skill level 15 in Staves
 71286 | Hell     | Learned a level 9 spell: Polar Vortex
 71371 | Hell     | Found a gateway to the decaying netherworld of Tartarus.
 71444 | Hell     | Found a gateway to the freezing wastes of Cocytus.
 71446 | Hell     | Reached skill level 1 in Ice Magic
 71601 | Hell     | Found a gateway to the Iron City of Dis.
 71639 | Hell     | Found a gateway to the ashen valley of Gehenna.
 71770 | Coc:1    | Entered Level 1 of Cocytus
 71882 | Coc:4    | Reached skill level 5 in Ice Magic
 72176 | Coc:6    | Reached skill level 10 in Ice Magic
 72234 | Coc:7    | Entered Level 7 of Cocytus
 72458 | Coc:7    | Noticed Antaeus
 72472 | Coc:7    | Killed Antaeus
 72492 | Coc:7    | Got the Incunable of Generation and Enchantment
 72494 | Coc:7    | Identified the amulet "Taosoy" {rElec rPois rF- Regen+
                  | Int+8}
 72500 | Coc:7    | Got an icy rune of Zot
 72583 | Tar:1    | Entered Level 1 of Tartarus
 72589 | Hell     | Reached skill level 15 in Ice Magic
 72740 | Tar:2    | Noticed an ancient lich
 72742 | Tar:2    | Killed an ancient lich
 72749 | Tar:2    | Noticed an ancient lich
 72751 | Tar:2    | Killed an ancient lich
 72779 | Tar:2    | Noticed a dread lich
 72783 | Tar:2    | Killed a dread lich
 72783 | Tar:2    | Noticed a dread lich
 72789 | Tar:2    | Killed a dread lich
 72998 | Tar:2    | Noticed a dread lich
 73000 | Tar:2    | Killed a dread lich
 73008 | Tar:2    | Noticed an ancient lich
 73012 | Tar:2    | Killed an ancient lich
 73339 | Tar:4    | Noticed a dread lich
 73342 | Tar:4    | Killed a dread lich
 73606 | Tar:7    | Entered Level 7 of Tartarus
 73626 | Tar:7    | Noticed a dread lich
 73626 | Tar:7    | Noticed the Serpent of Hell
 73633 | Tar:7    | Killed the Serpent of Hell
 73633 | Tar:7    | Killed a dread lich
 73721 | Tar:7    | Noticed Ereshkigal
 73725 | Tar:7    | Got a bone rune of Zot
 73733 | Tar:7    | Noticed an ancient lich
 73796 | Dis:1    | Entered Level 1 of the Iron City of Dis
 73812 | Dis:2    | Noticed a dread lich
 73812 | Dis:2    | Noticed a dread lich
 73812 | Dis:2    | Noticed an ancient lich
 73812 | Dis:2    | Noticed a dread lich
 73814 | Dis:2    | Killed a dread lich
 73814 | Dis:2    | Killed an ancient lich
 73817 | Dis:2    | Killed a dread lich
 73823 | Dis:2    | Killed a dread lich
 73884 | Dis:5    | Killed from afar by a quicksilver elemental

Illustrated notes

Levels and vault maps discovered:
D:1:      ncdulo_watergridlock, layout_loops_ring
D:2:      layout_basic, minmay_misc_feat_alley
D:3:      layout_loops_ring, kennysheep_ying_yang, serial_shops, shop,
          shop_statue, shop, hangedman_decor_riveting, roderic_lattice_a,
          kennysheep_another_room
D:4:      layout_rooms, mainiacjoe_overflow_boulevard, dancing_weapons_uskayaw,
          nicolae_ossuary_entry_false_entrances
D:5:      layout_basic, minmay_temple_entry_nine_rooms
D:6:      layout_basic, nzn_wu_jian_council_hall, uniq_pikel
D:7:      layout_rooms, lemuel_coloured_pillars_altar, hex_tiny
D:8:      layout_loops_ring, grunt_ministairs_14
D:9:      layout_loops_ring, mainiacjoe_overflow_alcove_2,
          kennysheep_decorative_pillar, mrwooster_statue_mirror,
          nicolae_shop_i_like_big_books, reono_crystal_passage, uniq_joseph
D:10:     layout_roguey, amcnicky_altar_gilded,
          mainiacjoe_overflow_small_starburst, zin_angel,
          mainiacjoe_overflow_cross_hatched, grunt_lair_entry_orc_guard_hut,
          minmay_orc_entry_guard_dogs, chequers_serial_rivers_micro_e,
          grunt_ministairs_11, minmay_misc_feat_tiny, minmay_strange_pillars
D:11:     minmay_the_grid_octo_tiled_squarecenter_mashed
          [minmay_the_grid_octo_empty, minmay_the_grid_octo_concentric,
          minmay_the_grid_octo_chip, minmay_the_grid_octo_pinwheel,
          minmay_the_grid_square_5x5_megaprize_open,
          minmay_the_grid_square_5x5_two_walls_a,
          minmay_the_grid_square_5x5_moneybag,
          minmay_the_grid_square_5x5_hollow_slash,
          minmay_the_grid_square_5x5_inverted_slash], layout_basic,
          nicolae_kikubaaqudgha_miasma_corner
D:12:     layout_irregular_city, hangedman_glass_teeth, st_stairs_12,
          kennysheep_generic_room_4, uniq_azrael
D:13:     layout_roguey, kb_rosetta
D:14:     layout_loops_ring, david_vaults_5, gauntlet_entry_generic,
          hangedman_decor_points, chequers_serial_rivers_small_b
D:15:     gammafunk_depths_entry_grave, layout_cave_pools,
          yredelemnul_forgotten_temple_becter
Temple:   hellmonk_temple_of_storms
Lair:1:   layout_gridlike, gammafunk_ghost_wrathful_warriors
Lair:2:   layout_chaotic_city, elwin_shoals_entry_rocks, serial_bayou_pond_c,
          minmay_lair_oklob_items
Lair:3:   layout_cave_pods, nicolae_spider_entry_non_spiders,
          chequers_serial_rivers_micro_b
Lair:4:   layout_cave_pods, grunt_megastairs_2
Lair:5:   minmay_lair_end_frog_pond, layout_small_grid, slime_entry_1,
          infiniplex_staircase_pool, uniq_sonja
Shoals:1: layout_shoals, portal_ice_cave_entry_pillars_2,
          wheals_shoals_ruined_temple, uniq_louise, uniq_jorgrun
Shoals:2: layout_shoals
Shoals:3: layout_shoals, nicolae_shoals_lost_giant_hut, uniq_donald
Shoals:4: shoals_end_hangedman, layout_shoals, shoal_ilsuiw
Spider:1: layout_chambers
Spider:2: layout_spider_delve, nicolae_spider_scorpion_nest, uniq_frances
Spider:3: layout_cave_pods, hangedman_spider_tarantella_strand
Spider:4: guppyfry_spider_rune
Slime:1:  layout_caves
Slime:2:  layout_caves, basic_altar
Slime:3:  layout_caves, nicolae_slime_welcoming_committee
Slime:4:  layout_caves
Slime:5
Orc:1:    layout_caves, uniq_josephine, uniq_erica, uniq_maurice
Orc:2:    grunt_orc_cross, layout_caves, biasface_ghost_orc_armoury,
          mines3_lemuel
Elf:1:    eino_elf_arrival_the_gate, layout_gridlike, ebering_ghost_inner_flame,
          serial_shops, nicolae_shop_bloodbath_and_beyond, minmay_elf_sorcery,
          kennysheep_underground_church, minmay_shop_star
Elf:2:    nicolae_elf_blades_crystal_corner, layout_geoelf_octagon,
          st_stairs_14, nicolae_stop_n_shop_1
Elf:3:    elf_hall, layout_geoelf_diagonals
Vaults:1: portal_desolation_entry_garden, v_alt_pattern_2,
          ontoclasm_vaults_gallery, nicolae_vaults_puzzle_piece,
          ontoclasm_vaults_shuriken, vaults_room_hallway,
          layout_vaults_quadrants, serial_shops, nicolae_shop_stone, uniq_nikola
Vaults:2: mu_enter_wizlab_4, v_misc_25, vaults_room_octagon, v_rooms_1,
          not_door_vault_mu, hangedman_vaults_pinch, dpeg_vaults_monster_row,
          grunt_vaults_twisty, ontoclasm_vaults_fault, ontoclasm_vaults_chip,
          layout_vaults_omnicross
Vaults:3: minmay_crypt_entry_necro_gods, hangedman_vaults_unwind,
          vaults_room_pool, hangedman_vaults_stagger, v_misc_24,
          nicolae_vaults_windows_and_doors_thing, v_rooms_3, v_pattern_4,
          layout_vaults_ring, serial_shops, nicolae_shop_crystal
Vaults:4: grunt_vaults_funnel, grunt_vaults_swirl, vaults_room_door_ring,
          vaults_standard_mumra_lines, gammafunk_sealed_library,
          ontoclasm_vaults_eye, hangedman_vaults_slice,
          hangedman_vaults_stretched_pinwheel, nicolae_vaults_little_ls,
          grunt_vaults_focal, layout_vaults_omnibox
Vaults:5: uniq_boris
Crypt:1:  layout_basic, uniq_frederick
Crypt:2:  layout_chaotic_city, corner_web_ring
Crypt:3:  cryptofortress_bobbens, uniq_vv
Tomb:1
Tomb:2
Tomb:3
Depths:1: layout_cave_pools, enter_ziggurat_e, nicolae_kite_square_tiling_tiny,
          hangedman_abyss_entry_splay, pf_hell_entry_great_geh,
          hangedman_decor_opposing, hangedman_feature_mirror
Depths:2: nzn_winding_woodlands_stair_cross [nzn_winding_woodlands_5x15_garden,
          nzn_winding_woodlands_center_garden,
          nzn_winding_woodlands_5x15_pathside_ponds,
          nzn_winding_woodlands_5x5_default, nzn_winding_woodlands_5x5_three,
          nzn_winding_woodlands_5x15_twine,
          nzn_winding_woodlands_center_triple_pond,
          nzn_winding_woodlands_5x15_sawtooth], layout_long_grid,
          kennysheep_nondescript, pf_hell_entry_tar_river,
          grunt_pan_entry_sceptre, minivault_22, minmay_staircase_bubble
Depths:3: evilmike_wizard_prison, layout_cave_pools, hell_entry, abyss_entry,
          minmay_misc_feat_x, fake_guardian_serpent_vault
Depths:4: grunt_zot_entry_pinwheel, layout_cave_pools, serial_glass,
          glass_columns_a, glass_columns_b, item_on_display_a,
          minmay_strange_pillars, minmay_strange_pillars, hell_entry,
          minmay_room_of_horrors, nicolae_dithmenos_shadow_blocks
Hell
Dis:1:    nicolae_dis_metal_hellway, layout_subdivisions
Dis:2:    layout_jigsaw, evilmike_ambush [evilmike_ambush_outer_pillars,
          evilmike_ambush_inner_basic]
Dis:3:    layout_regular_city
Dis:4:    layout_subdivisions, nicolae_hells_hurtin_island
Dis:5:    layout_gridville, hangedman_dis_chains, evilmike_ambush
          [evilmike_ambush_outer_corners, evilmike_ambush_inner_basic]
Coc:1:    layout_cocytus_water_paths
Coc:2:    layout_ice_bergs
Coc:3:    layout_ice_bergs
Coc:4:    layout_cocytus_water_paths
Coc:5:    layout_cocytus_delve
Coc:6:    layout_ice_bergs
Coc:7:    coc_old
Tar:1:    layout_cathedral_of_symmetry
Tar:2:    layout_grid_maze, nicolae_hells_leichenhalle
Tar:3:    layout_cathedral_of_symmetry
Tar:4:    layout_grid_maze
Tar:5:    layout_cathedral_of_symmetry, nicolae_tar_cuneiform_bird,
          nicolae_tar_honey_rotating
Tar:6:    layout_grid_maze
Tar:7:    tar_grunt, tar_grunt_ereshkigal, tar_grunt_big_loot,
          tar_grunt_small_loot, tar_grunt_small_loot, tar_grunt_small_loot,
          tar_grunt_small_decor_pillar, tar_grunt_decor_4,
          tar_grunt_small_decor_pillar, nicolae_tar_cuneiform_to_be,
          tar_grunt_decor_1, tar_grunt_decor_1, tar_grunt_small_decor_pillar,
          tar_grunt_small_decor_pillar, tar_grunt_decor_circle_5,
          tar_grunt_decor_1, tar_grunt_decor_circle_5,
          tar_grunt_decor_cross_diag, tar_grunt_decor_8, tar_grunt_decor_8,
          tar_grunt_small_decor_pillar
Zot:1:    layout_gridville, skrybe_zot_glass_3, grunt_megastairs_3
Zot:2:    layout_gridlike
Zot:3:    layout_concentric_octagons
Zot:4:    layout_basic, lemuel_elevator
Zot:5:    layout_misc_corridors

Skill      XL: |  1  2  3  4  5  6  7  8  9 10 11 12 13 14 15 16 17 18 19 20 21 22 23 24 25 26 27 |
---------------+----------------------------------------------------------------------------------+-----
Spellcasting   | 4 5 7 11 15 16 18 21 22 27 | 27.0
Hexes          | 1 2 4 |  4.8
Translocations | 1 3 |  3.1
Conjurations   | 6 8 11 15 18 19 21 23 | 23.0
Earth Magic    | 3 7 9 23 | 23.4
Fighting       | 2 7 10 14 20 | 20.7
Dodging        | 5 9 15 21 | 21.8
Necromancy     | 4 7 9 20 | 20.5
Evocations     | 6 11 | 11.3
Shields        | 4 6 13 | 13.9
Fire Magic     | 5 9 14 17 18 20 21 22 | 22.3
Air Magic      | 6 8 11 14 | 14.9
Armour         | 3 8 9 13 | 13.8
Transmutations | 7 8 9 19 | 19.3
Staves         | 5 12 16 | 16.1
Stealth        | 15 | 15.0
Ice Magic      | 22 | 22.9

Action                   |  1- 3 |  4- 6 |  7- 9 | 10-12 | 13-15 | 16-18 | 19-21 | 22-24 | 25-27 || total
-------------------------+-------+-------+-------+-------+-------+-------+-------+-------+-------++-------
Melee: Dagger            |       |     3 |    21 |   103 |     5 |       |       |       |       ||   132
       Staff             |       |       |       |       |    47 |     4 |    11 |   139 |   672 ||   873
       Headbutt          |       |       |       |       |       |       |       |       |   239 ||   239
 Fire: Sling             |     1 |       |       |       |       |       |       |       |       ||     1
 Cast: Magic Dart        |    60 |    64 |    87 |    47 |     4 |       |       |       |       ||   262
       Searing Ray       |     2 |    17 |    11 |       |       |       |       |       |       ||    30
       Blink             |       |       |     1 |     1 |    10 |    22 |    13 |     8 |    11 ||    66
       Stone Arrow       |       |       |    77 |   143 |    65 |     8 |       |       |       ||   293
       Fulminant Prism   |       |       |     3 |    74 |    22 |       |       |       |       ||    99
       Sublimation of Bl |       |       |       |     6 |    78 |   159 |    86 |    47 |    63 ||   439
       Fireball          |       |       |       |       |   363 |   520 |   107 |    38 |    27 ||  1055
       Conjure Ball Ligh |       |       |       |       |     6 |     1 |       |     1 |       ||     8
       Orb of Destructio |       |       |       |       |    32 |    63 |    30 |       |       ||   125
       Airstrike         |       |       |       |       |       |    30 |       |       |       ||    30
       Starburst         |       |       |       |       |       |     2 |       |       |       ||     2
       Iskenderun's Myst |       |       |       |       |       |     2 |       |       |       ||     2
       Fire Storm        |       |       |       |       |       |     1 |   235 |   294 |   659 ||  1189
       Lehudib's Crystal |       |       |       |       |       |       |     4 |    29 |     4 ||    37
       Maxwell's Capacit |       |       |       |       |       |       |       |    28 |    10 ||    38
       Shatter           |       |       |       |       |       |       |       |       |    49 ||    49
       Necromutation     |       |       |       |       |       |       |       |       |    45 ||    45
       Apportation       |       |       |       |       |       |       |       |       |     4 ||     4
       Polar Vortex      |       |       |       |       |       |       |       |       |     3 ||     3
       Passage of Golubr |       |       |       |       |       |       |       |       |     1 ||     1
 Abil: Evoke Invisibilit |       |       |       |       |       |     3 |     1 |       |       ||     4
       End Transformatio |       |       |       |       |       |       |       |       |     5 ||     5
Evoke: Wand              |       |       |     1 |       |     7 |       |     3 |     1 |       ||    12
       Lightning rod     |       |       |       |     4 |     3 |       |    10 |     4 |     8 ||    29
       Box of beasts     |       |       |       |       |       |     1 |     1 |       |       ||     2
       Tin of tremorston |       |       |       |       |       |       |       |       |     1 ||     1
       Condenser vane    |       |       |       |       |       |       |       |       |     1 ||     1
  Use: Scroll            |       |     6 |    12 |    11 |    12 |     7 |     8 |     5 |    19 ||    80
       Potion            |       |       |       |       |     6 |     1 |     6 |     7 |    35 ||    55
 Stab: Distracted        |       |       |       |       |       |       |       |     1 |     7 ||     8
       Sleeping          |       |       |       |       |       |       |       |       |     3 ||     3
Armor: Robe              |     1 |     2 |     1 |       |       |       |       |       |   147 ||   151
       Leather armour    |       |       |     9 |    42 |    51 |    22 |    18 |    19 |     4 ||   165
Dodge: Dodged            |     2 |    21 |    27 |    92 |   111 |    73 |    41 |   122 |   628 ||  1117
       Repelled          |       |       |       |       |       |       |       |     8 |     1 ||     9
Block: Buckler           |       |       |     7 |    31 |    46 |    25 |    13 |    78 |   325 ||   525
       Reflection        |       |       |       |       |       |       |     2 |     5 |     2 ||     9
